 Dungeon Crawl Stone Soup version 0.31-a0-703-gcfe89afef6 (webtiles) character file.

Game seed: 15265241679069849840

450745 qw the Slayer (level 23, -41/170 HPs)
             Began as a Gargoyle Hunter on Sept 8, 2023.
             Was an Elder of Okawaru.
             Killed from afar by a yellow draconian annihilator (52 damage)
             ... with a crystal spear
             ... led by a purple draconian shifter
             ... on level 2 of the Realm of Zot.
             The game lasted 00:28:07 (40663 turns).

qw the Slayer (Gargoyle Hunter)                    Turns: 40663, Time: 00:28:08

Health: -41/170    AC: 29    Str: 16    XL:     23   Next: 97%
Magic:  30/30      EV: 50    Int: 12    God:    Okawaru [****..]
Gold:   1143       SH:  0    Dex: 38    Spells: 22/22 levels left

rFire   + + +        v - +6 triple crossbow (drain)
rCold   + . .        (shield currently unavailable)
rNeg    + + .        o - +5 robe of Night {Dark Will+ SInv}
rPois   inf          s - -2 hat of the Alchemist {rElec rPois rF+ rC+ rN+ Will+ rMut rCorr}
rElec   +            C - +0 cloak of Stoicism {Dex+5}
rCorr   +            i - +2 pair of gloves
SInv    +            b - +2 pair of boots
Will    ++++.        F - amulet of faith
Stlth   +++++        B - ring "Qocuqieh" {Drain Fly rF+ Will+ Dex+6}
HPRegen 0.48/turn    A - +6 ring of dexterity
MPRegen 0.22/turn

%: resist mutation, faith
@: heroic, corroded, flying, slowed, very slow
A: sickness immunity, AC +17, big wings, negative energy resistance 1,
electricity resistance, torment resistance 1, petrification resistance, fire
resistance 1
}: 3/15 runes: decaying, serpentine, silver
a: Renounce Religion, Heroism, Finesse


You were on level 2 of the Realm of Zot.
You worshipped Okawaru.
Okawaru was greatly pleased with you.
You visited 9 branches of the dungeon, and saw 42 of its levels.

You collected 5781 gold pieces.
You spent 4638 gold pieces at shops.


Innate Abilities, Weirdness & Mutations

You are immune to sickness and miasma.
Your stone body is resilient. (AC +17)
You are immune to poison.
Your large and strong wings let you fly.
You resist negative energy. (rN+)
You are resistant to electric shocks. (rElec)
You are resistant to unholy torment.
You are immune to petrification.
Your flesh is heat resistant. (rF+)


   Skills:
 - Level 25.3(27) Fighting
 - Level 22.0(27) Ranged Weapons
 - Level 12.0(17.0) Armour
 + Level 20.8(25.8) Dodging
 - Level 1.1(6.1) Stealth
 - Level 10.0 Invocations


You had 22 spell levels left.
You didn't know any spells.
Your spell library was empty.

Inventory:

Hand Weapons
 v - a +6 triple crossbow of draining (weapon)
Armour
 b - a +2 pair of boots (worn)
 d - a +2 helmet
 g - a +3 ring mail of fire resistance
 i - a +2 pair of gloves (worn)
 j - a +2 troll leather armour
 o - the +5 robe of Night (worn) {Dark Will+ SInv}
   (You bought it in a shop on level 3 of the Dungeon)

   Dark:      It shrouds the wearer in darkness, reducing the range at which
   they can see and be seen by others.
   Will+:     It increases your willpower.
   SInv:      It lets you see invisible.
 r - a +4 ring mail of cold resistance
 s - the -2 hat of the Alchemist (worn) {rElec rPois rF+ rC+ rN+ Will+ rMut rCorr}
   (You acquired it on level 3 of the Lair of Beasts)

   rF+:       It protects you from fire.
   rC+:       It protects you from cold.
   rElec:     It insulates you from electricity.
   rPois:     It protects you from poison rN+: It protects you from negative
   energy.
   Will+:     It increases your willpower.
   rCorr:     It protects you from acid and corrosion.
   rMut:      It protects you from mutation.
 x - the +3 pair of boots of Action {rN+ Will- MP+9}
   (Okawaru gifted it to you on level 1 of the Vaults)

   rN+:       It protects you from negative energy.
   Will-:     It decreases your willpower.
   MP+9:      It affects your magic capacity (+9).
 C - the +0 cloak of Stoicism (worn) {Dex+5}
   (You found it on level 5 of the Vaults)

   Dex+5:     It affects your dexterity (+5).
Jewellery
 q - an amulet of reflection
 w - the amulet of the Four Winds {rN+ Will+++ Clar}
   (You bought it in a shop on level 3 of the Dungeon)

   [amulet of nothing]

   rN+:       It protects you from negative energy.
   Will+++:   It greatly increases your willpower.
   Clar:      It protects you from confusion, rage, mesmerisation and fear.
 y - the ring "Miakax" {rF+ Dex+3}
   (You acquired it on level 1 of the Lair of Beasts)

   [ring of protection from fire]

   Dex+3:     It affects your dexterity (+3).
   rF+:       It protects you from fire.
 A - a +6 ring of dexterity (right hand)
 B - the ring "Qocuqieh" (left hand) {Drain Fly rF+ Will+ Dex+6}
   (You took it off a spriggan berserker on level 3 of the Depths)

   [ring of dexterity]

   Dex+6:     It affects your dexterity (+6).
   rF+:       It protects you from fire.
   Will+:     It increases your willpower.
   Fly:       It grants you flight.
   Drain:     It drains your maximum health when unequipped.
 F - an amulet of faith (around neck)
Wands
 a - a wand of digging (38)
Scrolls
 k - 9 scrolls of identify
 u - 17 scrolls of teleportation
 z - 4 scrolls of enchant armour
Potions
 c - 2 potions of heal wounds
 e - 5 potions of might
 f - 6 potions of magic
 h - 14 potions of haste
 l - 12 potions of mutation
 m - 21 potions of curing
 n - 9 potions of resistance
 p - 5 potions of cancellation
 t - 7 potions of enlightenment

Dungeon Overview and Level Annotations

Branches:
Dungeon (15/15)            Temple (1/1) D:7            Lair (5/5) D:11
  Swamp (4/4) Lair:2        Snake (4/4) Lair:2        Slime (0/5) Lair:4
    Orc (2/2) D:12            Elf (0/3) Orc:2        Vaults (5/5) D:14
  Crypt (0/3) Vaults:3     Depths (4/4) D:15            Zot (2/5) Depths:4

Altars:
Ashenzari
Cheibriados
Dithmenos
Elyvilon
Fedhas
Gozag
Hepliaklqana
Kikubaaqudgha
Makhleb
Nemelex Xobeh
Okawaru
Qazlal
Ru
Sif Muna
Trog
Uskayaw
Vehumet
Wu Jian
Xom
Yredelemnul
Zin
The Shining One
Jiyva
Lugonu

Shops:
D:2 (   D:3 *   D:4 ?   D:5 [!   Orc:2 [*([   Snake:3 [   Vaults:2 (
Vaults:4 ?   Depths:1 ?!(

Portals:
Hell: Depths:1 Depths:2 Depths:3 Depths:4
Abyss: Depths:1 Depths:3 Depths:4
Pandemonium: Depths:1 Depths:2
Ziggurat: Depths:1
Trove: D:13 (give +2 gold dragon scales)

Annotations:
D:1 1 transporter
D:15 1 runed translucent door, Gosau's ghost, journeyman DsGl
Swamp:3 1 runed translucent door, Zatibaps's ghost, journeyman FeVM
Depths:1 exclusion: 2 liches
Depths:2 2 transporters, Gucom's ghost, veteran GnFi; xzight's ghost, legendary MiBe
Depths:3 2 transporters
Zot:1 1 runed translucent door, qw's ghost, veteran GrHs


Message History

The poison arrow misses you.
The purple draconian completely misses you.
You shoot a bolt. The bolt hits the purple draconian!!!
You kill the purple draconian!
Okawaru accepts your kill.
The red draconian is no longer covered in acid.
The yellow draconian annihilator is engulfed in blazing flames.
The red draconian breathes fire at you. The searing blast misses you.
The purple draconian breathes dispelling energy at you.
The bolt of dispelling energy misses you.
The yellow draconian annihilator is engulfed in blazing flames.
The yellow draconian annihilator casts a spell at you.
The poison arrow hits you. You partially resist.
You shoot a bolt. The bolt barely misses the death cob.
The red draconian completely misses you.
The purple draconian completely misses you.
The red draconian misses you.
The purple draconian completely misses you.
You shoot a bolt. The bolt barely misses the death cob.
The red draconian misses you.
The purple draconian completely misses you.
You shoot a bolt. The bolt hits the death cob!!!!
You destroy the death cob!
Okawaru accepts your kill. The red draconian breathes fire at you.
The searing blast hits you. You resist.
The purple draconian closely misses you.
The yellow draconian annihilator spits acid at you.
The glob of acid hits you but does no damage.
The acid corrodes you! The red draconian closely misses you.
The purple draconian misses you.
You shoot a bolt. The bolt hits the purple draconian!!
The purple draconian is moderately wounded.
The yellow draconian annihilator points at you and mumbles some strange words.
The entropic shot hits you!!!
The red draconian hits you but does no damage.
The yellow draconian annihilator casts a spell at you.
The crystal spear hits you!!!
You die...

.# ####.))).. .# #.)))#####.# .#
#.#### .# .# #.# ###'#### '###
#.# #.¤q¤... ###### ...# #.#
#.¤~¤~~~.# .#[.... ...# #.#
#)¤¤¤~~~.# #.#..... ../# #.#
#d¤~###¤.# #.#..... .d0# ##.###
#q¤@# #~.# #.#.....
..d###....####.0~# #¤¤####.#.....
...q.¤)..[¤:.'d~~###~.'....#.....
...######q####.¤~¤~~¤.###..'.....
.00# ####'####....¤.¤.###:##.%...
#### #......###'##......#.###'###
#......+....)....0.#.# #.#
#......##..##......#.###.###
#......##..##......#.......#


You could see a purple draconian, a red draconian (catching breath) and 2
draconians.

Vanquished Creatures
  2 dread liches (Vaults:5)
  Mara (Snake:3)
  A juggernaut (Depths:2)
  Frederick (Vaults:2)
  the Lernaean hydra (Swamp:4)
  Vashnia (Snake:4)
  2 caustic shrikes (Depths:3)
  Jory (Depths:3)
  2 bone dragons
  3 golden dragons
  Jorgrun (D:12)
  6 tentacled monstrosities
  4 liches
  A quicksilver dragon (Depths:4)
  A walking earthen tome (Depths:3)
  A walking divine tome (Depths:3)
  3 titans
  7 sphinxes
  A walking frostbound tome (Depths:3)
  An ancient champion (Vaults:3)
  5 tengu reavers
  4 death cobs
  6 storm dragons
  10 shadow dragons
  2 revenants (Vaults:3)
  12 fire giants
  4 nagarajas (Snake:4)
  Donald (Vaults:1)
  A fenstrider witch (Swamp:4)
  18 vault wardens
  2 draconian knights
  A ghost moth (Zot:1)
  4 frost giants
  A balrug (Depths:4)
  A draconian annihilator (Zot:2)
  16 ironbound preservers
  2 draconian stormcallers
  A draconian shifter (Zot:2)
  15 stone giants
  4 orc warlords
  4 ironbound thunderhulks
  3 war gargoyles
  12 very ugly things
  5 green draconians
  A formless jellyfish (Vaults:1)
  3 eleionomae
  3 vampire knights
  A black draconian (Depths:4)
  3 bunyips
  3 yellow draconians
  A deep elf demonologist (Vaults:5)
  Snorg (D:12)
  A spark wasp (Depths:3)
  4 white draconians
  2 purple draconians
  4 red draconians
  A deep elf death mage (Depths:3)
  A crystal guardian (Vaults:4)
  A fire dragon (shapeshifter) (Vaults:5)
  Josephine (D:15)
  20 ettins
  3 jiangshi (Depths:3)
  5 great orbs of eyes
  2 deep elf high priests
  17 yaktaur captains
  6 fire dragons
  A peacekeeper (Vaults:4)
  40 vault guards
  20 hydras
  A rakshasa (Depths:3)
  5 centaur warriors
  4 spriggan air magi
  14 ice dragons
  9 ironbound frosthearts
  4 boulder beetles
  9 alligators
  2 salamander tyrants
  3 catoblepae (Lair:5)
  2 ghost crabs
  A death knight (D:14)
  An alligator (shapeshifter) (Vaults:5)
  5 anacondas
  14 death yaks
  10 deep troll shamans
  2 two-headed ogres (D:13)
  6 naga warriors
  9 tengu warriors
  3 orc high priests (Orc:2)
  11 deep troll earth magi
  2 spriggan berserkers
  4 vampire magi
  13 naga sharpshooters
  Sonja (Lair:2)
  8 shock serpents
  Nergalle (Lair:3)
  5 hell knights
  10 salamander mystics
  2 sun demons
  A skyshark (Lair:5)
  5 iron trolls
  3 goliath frogs (Swamp:1)
  A flayed ghost (Depths:3)
  3 glowing orange brains
  A death drake (Swamp:4)
  4 skeletal warriors (D:13)
  15 swamp dragons
  57 deep trolls
  22 ironbound convokers
  A wolf spider zombie (D:14)
  3 bog bodies
  2 deep elf pyromancers
  6 wizards
  2 spriggan druids
  7 naga ritualists
  A phantasmal warrior (Vaults:5)
  8 orc knights
  A wolf spider (Lair:3)
  4 lindwurms
  A steelbarb worm (shapeshifter) (Vaults:5)
  A mana viper (shapeshifter) (Depths:3)
  A necromancer (Depths:3)
  9 mana vipers
  4 orc sorcerers (Orc:2)
  28 ugly things
  17 cyclopes
  3 will-o-the-wisps
  3 manticores
  30 salamanders
  A salamander (shapeshifter) (Depths:4)
  33 black mambas
  8 moths of wrath
  Joseph (D:7)
  16 elephants
  A torpor snail (Lair:3)
  A gargoyle (D:14)
  6 centaur zombies (D:14)
  3 guardian serpents
  A smoke demon (Depths:4)
  15 vault sentinels
  15 naga magi
  An eye of devastation (shapeshifter) (Vaults:5)
  Maurice (D:11)
  8 cane toads
  9 centaur skeletons (D:14)
  An unseen horror (D:13)
  49 yaktaurs
  2 freezing wraiths
  2 kobold demonologists
  A tengu conjurer (Depths:3)
  7 rime drakes
  7 komodo dragons
  2 efreet
  5 trolls
  A harpy zombie (D:14)
  3 bloated husks
  A meliai (shapeshifter) (Vaults:5)
  2 polar bears (Lair:2)
  8 tyrant leeches
  A hornet (shapeshifter) (Vaults:5)
  4 hornets
  A harpy skeleton (D:14)
  4 blink frogs (Lair:3)
  Prince Ribbit (D:5)
  3 dream sheep (Lair:3)
  A meliai zombie (D:14)
  A centaur simulacrum (D:14)
  31 slime creatures
  8 spriggans
  A shadow (D:9)
  73 yaks
  6 wyverns
  A culicivora (shapeshifter) (D:13)
  A vampire (D:11)
  10 wraiths
  3 water elementals (Depths:2)
  16 vampire mosquitoes
  8 basilisks
  4 steam dragons
  Menkaure (D:7)
  18 swamp worms
  3 wargs
  12 water moccasins
  Edmund (D:6)
  46 nagas
  An acid dragon (D:11)
  Duvessa (D:5)
  6 floating eyes (Depths:3)
  A floating eye (shapeshifter) (Vaults:5)
  7 swamp drakes
  26 orc warriors
  4 sky beasts (D:7)
  8 ice beasts
  A black bear (D:8)
  10 wolves
  14 boggarts
  6 ogres
  7 centaurs
  A phantom (D:5)
  17 bullfrogs
  3 kobold brigands
  An ogre simulacrum (Vaults:4)
  A gnoll sergeant (D:8)
  4 scorpions
  A wight (D:7)
  Dowan (D:5)
  3 killer bees (D:10)
  6 electric eels
  6 howler monkeys
  4 lava snakes
  3 hounds
  16 orc priests
  3 gnoll boudas
  3 jellies
  4 sleepcaps
  Jessica (D:3)
  A boggart zombie (D:14)
  4 hell rats (D:15)
  5 iguanas
  29 orc wizards
  Robin (D:3)
  20 gnolls
  24 adders
  A shadow imp (D:5)
  4 white imps
  2 ufetubi
  3 worms
  5 dart slugs
  71 orcs
  6 bats (D:1)
  4 endoplasms
  A giant cockroach (D:4)
  17 goblins
  6 hobgoblins
  4 jackals (D:3)
  12 kobolds
  3 quokkas
  8 ball pythons
  5 frilled lizards
  3 rats
1604 creatures vanquished.

Vanquished Creatures (others)
  A nagaraja (Snake:4)
  A moth of wrath (Zot:2)
  A naga (Snake:4)
  An orc priest (Orc:2)
  An orc wizard (D:4)
  6 foxfires
11 creatures vanquished.

Grand Total: 1615 creatures vanquished

Notes
Turn   | Place    | Note
-------+----------+-------------------------------------------
     0 | D:1      | qw the Gargoyle Hunter began the quest for the Orb.
     0 | D:1      | Reached XP level 1. HP: 12/12 MP: 1/1
     0 | D:1      | 0 ||| qw: Version: 0.3-a-76-g4403597
     0 | D:1      | 0 ||| qw: Game counter: 1286
     0 | D:1      | 0 ||| qw: Melee chars always use a shield: true
     0 | D:1      | 0 ||| qw: God list: Okawaru
     0 | D:1      | 0 ||| qw: Allow faded altars: false
     0 | D:1      | 0 ||| qw: Do Orc after clearing Dungeon:15 true
     0 | D:1      | 0 ||| qw: Do second Lair branch before Depths: true
     0 | D:1      | 0 ||| qw: Lair rune preference: random
     0 | D:1      | 0 ||| qw: Goals: Normal
     0 | D:1      | 0 ||| PLANNING D:1-11
    92 | D:1      | Reached XP level 2. HP: 14/17 MP: 2/2
   553 | D:1      | 553 ||| READING scroll labelled ZACRAFIONO.
   554 | D:1      | 554 ||| READING scroll labelled ZEGOPA XIUQO.
   555 | D:1      | 555 ||| READING scroll labelled BYZUIQ VIYNYIKH.
   558 | D:1      | 558 ||| DRINKING 2 murky silvery potions.
   559 | D:1      | 559 ||| DROPPING scroll of butterflies.
   583 | D:2      | Found Newkecoe's Weapon Emporium.
   606 | D:2      | Reached XP level 3. HP: 21/21 MP: 3/3
   608 | D:2      | 608 ||| READING scroll labelled ILATHR NIQ NAU.
   645 | D:2      | Found a faded altar of an unknown god.
   774 | D:2      | You fall into a shaft and drop 1 floor!
   794 | D:3      | Reached skill level 3 in Fighting
   814 | D:3      | Reached XP level 4. HP: 24/28 MP: 4/4
   842 | D:3      | Noticed Jessica
   846 | D:3      | Killed Jessica
  1041 | D:3      | Reached XP level 5. HP: 31/32 MP: 5/5
  1078 | D:3      | Found Boxuokil's General Store.
  1086 | D:3      | 1086 ||| SHOPLISTING +5 robe of Night {Dark Will+ SInv}
                  | (720 gold, have 121).
  1086 | D:3      | 1086 ||| SHOPLISTING amulet of the Four Winds {rN+ Will+++
                  | Clar} (728 gold, have 121).
  1086 | D:3      | 1086 ||| SHOPLISTING ring of fire (300 gold, have 121).
  1086 | D:3      | 1086 ||| BUYING scroll of enchant armour (90 gold).
  1086 | D:3      | Bought a scroll of enchant armour for 90 gold pieces
  1086 | D:3      | 1086 ||| BUYING scroll of identify (24 gold).
  1086 | D:3      | Bought a scroll of identify for 24 gold pieces
  1109 | D:3      | 1109 ||| UPGRADING to +0 pair of boots.
  1114 | D:3      | 1114 ||| UPGRADING to +0 ring mail.
  1124 | D:3      | 1124 ||| DROPPING +0 leather armour.
  1125 | D:3      | 1125 ||| READING 2 scrolls of enchant armour.
  1125 | D:3      | 1125 ||| ENCHANTING +0 pair of boots.
  1126 | D:3      | 1126 ||| READING scroll of enchant armour.
  1126 | D:3      | 1126 ||| ENCHANTING +1 pair of boots.
  1127 | D:3      | 1127 ||| READING scroll labelled ECOSOL ZYWONG.
  1128 | D:3      | 1128 ||| READING 2 scrolls of identify.
  1128 | D:3      | 1128 ||| IDENTIFYING inky potion
  1129 | D:3      | 1129 ||| DROPPING potion of ambrosia.
  1231 | D:2      | 1231 ||| UPGRADING to +0 cloak.
  1236 | D:2      | 1236 ||| DRINKING 2 coppery potions.
  1313 | D:3      | 1313 ||| FLEEEEING.
  1314 | D:3      | 1314 ||| FLEEEEING.
  1315 | D:3      | 1315 ||| FLEEEEING.
  1463 | D:3      | Noticed Robin
  1471 | D:3      | Reached skill level 1 in Armour
  1483 | D:3      | Reached skill level 6 in Ranged Weapons
  1487 | D:3      | Killed Robin
  1672 | D:3      | 1672 ||| UPGRADING to +0 helmet.
  1692 | D:4      | 1692 ||| PLANNING SEWER
  1693 | D:4      | 1693 ||| RETREATING.
  1698 | D:4      | 1698 ||| Stepping ~*~*~tactically~*~*~ (outnumbered).
  1699 | D:4      | 1699 ||| RETREATING.
  1709 | D:4      | Noticed an orc warrior
  1715 | D:4      | 1715 ||| Stepping ~*~*~tactically~*~*~ (outnumbered).
  1716 | D:4      | 1716 ||| RETREATING.
  1718 | D:4      | HP: 8/32 [something/magic dart (1)]
  1719 | D:4      | 1719 ||| READING 3 scrolls of teleportation.
  1720 | D:4      | 1720 ||| Stepping ~*~*~tactically~*~*~ (retreating).
  1721 | D:4      | 1721 ||| Stepping ~*~*~tactically~*~*~ (retreating).
  1893 | D:4      | 1893 ||| DRINKING potion of curing.
  1893 | D:4      | 1893 ||| (to cure confusion)
  1895 | D:4      | 1895 ||| Stepping ~*~*~tactically~*~*~ (outnumbered).
  1899 | D:4      | Reached skill level 4 in Fighting
  1899 | D:4      | Reached XP level 6. HP: 36/38 MP: 6/6
  1905 | D:4      | 1905 ||| Stepping ~*~*~tactically~*~*~ (outnumbered).
  2137 | D:4      | Found a glowing drain.
  2261 | D:4      | 2261 ||| Stepping ~*~*~tactically~*~*~ (outnumbered).
  2270 | D:4      | 2270 ||| Stepping ~*~*~tactically~*~*~ (retreating).
  2286 | D:4      | Killed an orc warrior
  2288 | D:4      | 2288 ||| DRINKING potion of curing.
  2288 | D:4      | 2288 ||| (to cure confusion)
  2361 | D:4      | Reached XP level 7. HP: 43/43 MP: 7/7
  2427 | D:4      | 2427 ||| RIP SEWER
  2428 | D:4      | Found Keveg's Magic Scroll Shoppe.
  2437 | D:4      | 2437 ||| PLANNING D:1-11
  2437 | D:4      | 2437 ||| BUYING scroll of identify (24 gold).
  2437 | D:4      | Bought a scroll of identify for 24 gold pieces
  2437 | D:4      | 2437 ||| BUYING scroll of teleportation (36 gold).
  2437 | D:4      | Bought a scroll of teleportation for 36 gold pieces
  2820 | D:4      | 2820 ||| READING scroll labelled VAVA AROXIDI.
  2820 | D:4      | Identified a scroll of acquirement
  2820 | D:4      | 2820 ||| ACQUIRING +3 arbalest of freezing
  2820 | D:4      | Acquired a +3 arbalest of freezing
  2822 | D:4      | 2822 ||| SWAPPING to +3 arbalest of freezing.
  2823 | D:4      | 2823 ||| DROPPING +0 shortbow.
  2824 | D:4      | 2824 ||| READING scroll labelled XUG ZOVUFA.
  2825 | D:4      | 2825 ||| DRINKING 2 amethyst potions.
  2826 | D:4      | 2826 ||| READING 2 scrolls of identify.
  2826 | D:4      | 2826 ||| IDENTIFYING emerald potion
  2827 | D:4      | 2827 ||| DROPPING potion of berserk rage.
  2864 | D:5      | Entered Level 5 of the Dungeon
  3209 | D:5      | Noticed Prince Ribbit
  3220 | D:5      | Killed Prince Ribbit
  3221 | D:5      | Reached skill level 5 in Fighting
  3221 | D:5      | Reached XP level 8. HP: 34/50 MP: 8/8
  3462 | D:5      | Noticed Duvessa
  3468 | D:5      | Noticed Dowan
  3469 | D:5      | 3469 ||| Stepping ~*~*~tactically~*~*~ (retreating).
  3470 | D:5      | 3470 ||| Stepping ~*~*~tactically~*~*~ (retreating).
  3471 | D:5      | Killed Duvessa
  3482 | D:5      | Killed Dowan
  3484 | D:5      | Found Yssiwn's Distillery.
  3494 | D:5      | 3494 ||| BUYING 2 potions of mutation (224 gold).
  3494 | D:5      | Bought 2 potions of mutation for 224 gold pieces
  3494 | D:5      | 3494 ||| SHOPLISTING potion of curing (42 gold, have 29).
  3494 | D:5      | 3494 ||| SHOPLISTING potion of heal wounds (70 gold, have
                  | 29).
  3523 | D:5      | Reached skill level 9 in Ranged Weapons
  3527 | D:5      | Reached skill level 3 in Armour
  3565 | D:5      | Found Hesoit's Armour Boutique.
  3573 | D:5      | 3573 ||| SHOPLISTING +1 helmet of intelligence (247 gold,
                  | have 29).
  3774 | D:5      | 3774 ||| UPGRADING to amulet of guardian spirit.
  3779 | D:5      | 3779 ||| DRINKING 2 sedimented orange potions.
  3780 | D:5      | 3780 ||| READING 2 scrolls of identify.
  3780 | D:5      | 3780 ||| IDENTIFYING bubbling emerald potion
  3781 | D:5      | 3781 ||| DROPPING potion of magic.
  3782 | D:5      | 3782 ||| DROPPING potion of degeneration.
  3854 | D:6      | Found the crystal ball of Wucad Mu {*channel}
  3855 | D:6      | Noticed Edmund
  3868 | D:6      | Killed Edmund
  3869 | D:6      | Reached skill level 6 in Fighting
  4073 | D:6      | Found a shimmering blue altar of Sif Muna.
  4073 | D:6      | Found a sparkling altar of Nemelex Xobeh.
  4344 | D:6      | Reached XP level 9. HP: 55/55 MP: 9/9
  4716 | D:6      | 4716 ||| READING scroll labelled SISUJUGGIEZU.
  4717 | D:6      | 4717 ||| READING 2 scrolls of identify.
  4717 | D:6      | 4717 ||| IDENTIFYING golden potion
  4718 | D:6      | 4718 ||| DROPPING potion of brilliance.
  4733 | D:7      | Found a staircase to the Ecumenical Temple.
  4734 | D:7      | 4734 ||| PLANNING TEMPLE
  4742 | Temple   | Entered the Ecumenical Temple
  4743 | Temple   | 4743 ||| PLANNING D:1-11
  4747 | D:7      | Found a flagged portal.
  4748 | D:7      | 4748 ||| Stepping ~*~*~tactically~*~*~ (outnumbered).
  4751 | D:7      | Reached skill level 7 in Fighting
  4752 | D:7      | 4752 ||| Stepping ~*~*~tactically~*~*~ (outnumbered).
  4852 | D:7      | 4852 ||| FLEEEEING.
  4856 | D:7      | Reached skill level 3 in Dodging
  5206 | D:7      | Reached skill level 8 in Fighting
  5442 | D:7      | Found an iron altar of Okawaru.
  5443 | D:7      | 5443 ||| PLANNING OKAWARU WORSHIP
  5443 | D:7      | 5443 ||| READING scroll labelled MISTAQ GUOCROILYE.
  5444 | D:7      | 5444 ||| DRINKING 2 pink potions.
  5493 | D:7      | 5493 ||| READING 4 scrolls of identify.
  5493 | D:7      | 5493 ||| IDENTIFYING metallic clear potion
  5494 | D:7      | 5494 ||| DROPPING potion of lignification.
  5499 | D:7      | Became a worshipper of Warmaster Okawaru
  5500 | D:7      | 5500 ||| PLANNING D:1-11
  5500 | D:7      | 5500 ||| REMOVING amulet of guardian spirit.
  5523 | D:7      | Noticed Menkaure
  5525 | D:7      | Killed Menkaure
  5526 | D:7      | Reached XP level 10. HP: 51/64 MP: 10/10
  5844 | D:7      | Noticed Joseph
  5849 | D:7      | Killed Joseph
  5850 | D:7      | Reached skill level 12 in Ranged Weapons
  6013 | D:7      | 6013 ||| DROPPING amulet of guardian spirit.
  6082 | D:8      | Reached * piety under Okawaru
  6148 | D:8      | 6148 ||| Stepping ~*~*~tactically~*~*~ (outnumbered).
  6150 | D:8      | 6150 ||| INVOKING Heroism.
  6152 | D:8      | 6152 ||| INVOKING Heroism.
  6154 | D:8      | 6154 ||| Stepping ~*~*~tactically~*~*~ (outnumbered).
  6307 | D:8      | 6307 ||| INVOKING Heroism.
  6309 | D:8      | Reached skill level 1 in Invocations
  6672 | D:8      | 6672 ||| READING scroll labelled BORERO XUICS.
  6866 | D:9      | 6866 ||| INVOKING Heroism.
  6869 | D:9      | 6869 ||| Stepping ~*~*~tactically~*~*~ (cloud).
  6876 | D:9      | Reached skill level 3 in Invocations
  6897 | D:9      | 6897 ||| INVOKING Heroism.
  7014 | D:9      | 7014 ||| INVOKING Heroism.
  7055 | D:9      | 7055 ||| FLEEEEING.
  7056 | D:9      | 7056 ||| FLEEEEING.
  7059 | D:9      | 7059 ||| STAIRDANCE
  7108 | D:9      | 7108 ||| INVOKING Heroism.
  7110 | D:9      | HP: 13/64 [freezing wraith (20)]
  7111 | D:9      | 7111 ||| READING 4 scrolls of teleportation.
  7112 | D:9      | 7112 ||| DRINKING 2 potions of heal wounds.
  7254 | D:9      | 7254 ||| Stepping ~*~*~tactically~*~*~ (outnumbered).
  7259 | D:9      | 7259 ||| Stepping ~*~*~tactically~*~*~ (outnumbered).
  7374 | D:9      | 7374 ||| READING scroll of enchant armour.
  7374 | D:9      | 7374 ||| ENCHANTING +0 helmet.
  7481 | D:9      | Reached ** piety under Okawaru
  7482 | D:9      | Reached skill level 9 in Fighting
  7586 | D:9      | 7586 ||| DRINKING 2 puce potions.
  7612 | D:10     | Entered Level 10 of the Dungeon
  7678 | D:10     | 7678 ||| Stepping ~*~*~tactically~*~*~ (outnumbered).
  7681 | D:10     | 7681 ||| INVOKING Heroism.
  7722 | D:10     | 7722 ||| READING scroll of enchant armour.
  7722 | D:10     | 7722 ||| ENCHANTING +1 helmet.
  7739 | D:10     | 7739 ||| INVOKING Heroism.
  7741 | D:10     | Reached XP level 11. HP: 71/71 MP: 11/14
  7769 | D:10     | 7769 ||| INVOKING Heroism.
  7984 | D:10     | 7984 ||| INVOKING Heroism.
  8065 | D:10     | Found an opulent altar of Gozag.
  8070 | D:10     | Found a snail-covered altar of Cheibriados.
  8446 | D:10     | 8446 ||| UPGRADING to +0 troll leather armour.
  8456 | D:10     | 8456 ||| DROPPING +0 ring mail.
  8457 | D:10     | 8457 ||| READING 5 scrolls of identify.
  8457 | D:10     | 8457 ||| IDENTIFYING bubbling red potion
  8458 | D:10     | 8458 ||| DROPPING potion of invisibility.
  8524 | D:11     | Noticed a cyclops
  8525 | D:11     | 8525 ||| INVOKING Heroism.
  8527 | D:11     | Killed a cyclops
  8549 | D:11     | 8549 ||| INVOKING Heroism.
  8568 | D:11     | 8568 ||| Stepping ~*~*~tactically~*~*~ (outnumbered).
  8609 | D:11     | Found a staircase to the Lair.
  8611 | D:11     | 8611 ||| READING scroll of enchant weapon.
  8611 | D:11     | 8611 ||| ENCHANTING +4 arbalest of freezing.
  8688 | D:11     | Noticed an ettin
  8689 | D:11     | 8689 ||| INVOKING Heroism.
  8694 | D:11     | Noticed a cyclops
  8695 | D:11     | Killed an ettin
  8700 | D:11     | Killed a cyclops
  8743 | D:11     | Reached skill level 10 in Fighting
  8787 | D:11     | Noticed a cyclops
  8787 | D:11     | Noticed a cyclops
  8787 | D:11     | Noticed a cyclops
  8787 | D:11     | Noticed a cyclops
  8787 | D:11     | Noticed a cyclops
  8788 | D:11     | 8788 ||| RETREATING.
  8791 | D:11     | 8791 ||| Stepping ~*~*~tactically~*~*~ (retreating).
  8792 | D:11     | 8792 ||| Stepping ~*~*~tactically~*~*~ (retreating).
  8793 | D:11     | 8793 ||| Stepping ~*~*~tactically~*~*~ (retreating).
  8794 | D:11     | 8794 ||| Stepping ~*~*~tactically~*~*~ (retreating).
  8795 | D:11     | 8795 ||| Stepping ~*~*~tactically~*~*~ (retreating).
  8796 | D:11     | 8796 ||| Stepping ~*~*~tactically~*~*~ (retreating).
  8797 | D:11     | 8797 ||| INVOKING Heroism.
  8802 | D:11     | Killed a cyclops
  8804 | D:11     | Killed a cyclops
  8804 | D:11     | Reached *** piety under Okawaru
  8807 | D:11     | Killed a cyclops
  8807 | D:11     | HP: 7/72 [cyclops (16)]
  8808 | D:11     | 8808 ||| READING 3 scrolls of teleportation.
  8808 | D:11     | HP: 3/72 [warg (5)]
  8809 | D:11     | 8809 ||| DRINKING 2 potions of heal wounds.
  9052 | D:11     | 9052 ||| INVOKING Heroism.
  9055 | D:11     | Killed a cyclops
  9173 | D:11     | Noticed Maurice
  9174 | D:11     | 9174 ||| INVOKING Heroism.
  9177 | D:11     | Killed a cyclops
  9178 | D:11     | Reached skill level 15 in Ranged Weapons
  9196 | D:11     | Reached XP level 12. HP: 77/77 MP: 15/15
  9198 | D:11     | Killed Maurice
  9253 | D:11     | 9253 ||| RETREATING.
  9266 | D:11     | 9266 ||| Stepping ~*~*~tactically~*~*~ (outnumbered).
  9293 | D:11     | 9293 ||| RETREATING.
  9295 | D:11     | Noticed a stone giant
  9296 | D:11     | 9296 ||| RETREATING.
  9300 | D:11     | 9300 ||| Stepping ~*~*~tactically~*~*~ (retreating).
  9300 | D:11     | Noticed an ettin
  9301 | D:11     | HP: 18/77 [cyclops (22)]
  9302 | D:11     | 9302 ||| READING 2 scrolls of teleportation.
  9303 | D:11     | 9303 ||| DRINKING potion of heal wounds.
  9304 | D:11     | 9304 ||| Stepping ~*~*~tactically~*~*~ (retreating).
  9305 | D:11     | 9305 ||| Stepping ~*~*~tactically~*~*~ (retreating).
  9306 | D:11     | 9306 ||| READING scroll of teleportation.
  9407 | D:11     | 9407 ||| Stepping ~*~*~tactically~*~*~ (outnumbered).
  9408 | D:11     | Reached **** piety under Okawaru
  9437 | D:11     | 9437 ||| Stepping ~*~*~tactically~*~*~ (outnumbered).
  9439 | D:11     | 9439 ||| Stepping ~*~*~tactically~*~*~ (outnumbered).
  9448 | D:11     | 9448 ||| INVOKING Heroism.
  9454 | D:11     | Killed a stone giant
  9454 | D:11     | Received a gift from Okawaru
  9487 | D:11     | Identified the +6 halberd of Viukot {holy, rCorr Stlth+}
  9488 | D:11     | Identified the +9 flail of Intuition {elec, *Noise rPois
                  | rF+ Int+7}
  9494 | D:11     | Identified the +6 great mace "Guolapom" {heavy, rC+++ Int+3
                  | Dex-5 SInv}
  9513 | D:11     | 9513 ||| DROPPING +0 orcbow of draining.
  9632 | D:11     | 9632 ||| PLANNING LAIR
  9632 | D:11     | 9632 ||| UPGRADING to +2 cloak of poison resistance.
  9642 | D:11     | 9642 ||| DROPPING +0 cloak.
  9643 | D:11     | 9643 ||| READING scroll labelled ROQ YRIDUAFAIMM.
  9657 | Lair:1   | Entered Level 1 of the Lair of Beasts
  9671 | Lair:1   | Noticed a death yak
  9671 | Lair:1   | Noticed a death yak
  9672 | Lair:1   | 9672 ||| RETREATING.
  9674 | Lair:1   | Noticed a death yak
  9675 | Lair:1   | Noticed a death yak
  9676 | Lair:1   | 9676 ||| RETREATING.
  9677 | Lair:1   | 9677 ||| INVOKING Heroism.
  9678 | Lair:1   | Noticed a death yak
  9680 | Lair:1   | Noticed a death yak
  9683 | Lair:1   | 9683 ||| Stepping ~*~*~tactically~*~*~ (retreating).
  9690 | Lair:1   | 9690 ||| INVOKING Heroism.
  9694 | Lair:1   | Killed a death yak
  9694 | Lair:1   | Received a gift from Okawaru
  9699 | Lair:1   | Killed a death yak
  9700 | Lair:1   | Reached skill level 6 in Invocations
  9705 | Lair:1   | 9705 ||| INVOKING Heroism.
  9709 | Lair:1   | Killed a death yak
  9720 | Lair:1   | Killed a death yak
  9721 | Lair:1   | Killed a death yak
  9724 | Lair:1   | Killed a death yak
  9954 | Lair:1   | 9954 ||| RETREATING.
  9960 | Lair:1   | Reached ***** piety under Okawaru
  9961 | Lair:1   | 9961 ||| INVOKING Heroism.
 10026 | Lair:1   | 10026 ||| READING 3 scrolls of acquirement.
 10026 | Lair:1   | 10026 ||| ACQUIRING ring "Miakax" {rF+ Dex+3}
 10026 | Lair:1   | Acquired the ring "Miakax" {rF+ Dex+3}
 10028 | Lair:1   | 10028 ||| UPGRADING to ring "Miakax" {rF+ Dex+3}.
 10029 | Lair:1   | 10029 ||| READING 2 scrolls of acquirement.
 10029 | Lair:1   | 10029 ||| ACQUIRING +2 longbow "Huoluem" {freeze, Fly rPois
                  | rF- rCorr}
 10029 | Lair:1   | Acquired the +2 longbow "Huoluem" {freeze, Fly rPois rF-
                  | rCorr}
 10031 | Lair:1   | 10031 ||| SWAPPING to +2 longbow "Huoluem" {freeze, Fly
                  | rPois rF- rCorr}.
 10032 | Lair:1   | 10032 ||| READING scroll of acquirement.
 10032 | Lair:1   | 10032 ||| ACQUIRING +1 triple crossbow of electrocution
 10032 | Lair:1   | Acquired a +1 triple crossbow of electrocution
 10034 | Lair:1   | 10034 ||| SWAPPING to +1 triple crossbow of electrocution.
 10035 | Lair:1   | 10035 ||| DROPPING +2 longbow "Huoluem" {freeze, Fly rPois
                  | rF- rCorr}.
 10036 | Lair:1   | 10036 ||| DROPPING +5 arbalest of draining.
 10113 | Lair:1   | 10113 ||| INVOKING Heroism.
 10116 | Lair:1   | Reached XP level 13. HP: 84/84 MP: 16/19
 10141 | Lair:1   | 10141 ||| RETREATING.
 10149 | Lair:1   | 10149 ||| Stepping ~*~*~tactically~*~*~ (retreating).
 10150 | Lair:1   | 10150 ||| Stepping ~*~*~tactically~*~*~ (retreating).
 10151 | Lair:1   | 10151 ||| Stepping ~*~*~tactically~*~*~ (retreating).
 10152 | Lair:1   | 10152 ||| Stepping ~*~*~tactically~*~*~ (retreating).
 10153 | Lair:1   | 10153 ||| Stepping ~*~*~tactically~*~*~ (retreating).
 10154 | Lair:1   | 10154 ||| Stepping ~*~*~tactically~*~*~ (retreating).
 10511 | Lair:1   | 10511 ||| UPGRADING to ring of protection from fire.
 10512 | Lair:1   | 10512 ||| UPGRADING to ring of protection from cold.
 10514 | Lair:1   | 10514 ||| READING scroll labelled HAAJ IMUHE.
 10515 | Lair:1   | 10515 ||| READING scroll labelled ONELERODI.
 10567 | Lair:2   | 10567 ||| INVOKING Heroism.
 10625 | Lair:2   | 10625 ||| RETREATING.
 10630 | Lair:2   | Reached skill level 9 in Invocations
 10630 | Lair:2   | 10630 ||| Stepping ~*~*~tactically~*~*~ (retreating).
 10631 | Lair:2   | 10631 ||| INVOKING Heroism.
 10636 | Lair:2   | Reached skill level 6 in Dodging
 10705 | Lair:2   | Noticed Sonja
 10706 | Lair:2   | 10706 ||| INVOKING Finesse.
 10709 | Lair:2   | Killed Sonja
 10710 | Lair:2   | Reached skill level 11 in Fighting
 10775 | Lair:2   | 10775 ||| INVOKING Heroism.
 10856 | Lair:2   | 10856 ||| INVOKING Heroism.
 10916 | Lair:2   | 10916 ||| RETREATING.
 10922 | Lair:2   | 10922 ||| Stepping ~*~*~tactically~*~*~ (retreating).
 11123 | Lair:2   | Found a staircase to the Snake Pit.
 11265 | Lair:2   | Found a staircase to the Swamp.
 11287 | Lair:2   | 11287 ||| INVOKING Heroism.
 11360 | Lair:2   | 11360 ||| UPGRADING to amulet of reflection.
 11365 | Lair:2   | 11365 ||| READING 4 scrolls of identify.
 11365 | Lair:2   | 11365 ||| IDENTIFYING black potion
 11366 | Lair:2   | 11366 ||| READING 3 scrolls of identify.
 11366 | Lair:2   | 11366 ||| IDENTIFYING fuming grey potion
 11367 | Lair:2   | 11367 ||| DROPPING potion of attraction.
 11449 | Lair:3   | 11449 ||| RETREATING.
 11455 | Lair:3   | 11455 ||| INVOKING Heroism.
 11456 | Lair:3   | 11456 ||| Stepping ~*~*~tactically~*~*~ (retreating).
 11457 | Lair:3   | 11457 ||| Stepping ~*~*~tactically~*~*~ (retreating).
 11458 | Lair:3   | 11458 ||| Stepping ~*~*~tactically~*~*~ (retreating).
 11460 | Lair:3   | 11460 ||| Stepping ~*~*~tactically~*~*~ (retreating).
 11461 | Lair:3   | 11461 ||| Stepping ~*~*~tactically~*~*~ (retreating).
 11603 | Lair:3   | 11603 ||| INVOKING Heroism.
 11604 | Lair:3   | 11604 ||| Stepping ~*~*~tactically~*~*~ (retreating).
 11616 | Lair:3   | 11616 ||| INVOKING Heroism.
 11648 | Lair:3   | 11648 ||| INVOKING Heroism.
 11662 | Lair:3   | 11662 ||| RETREATING.
 11720 | Lair:3   | 11720 ||| RETREATING.
 11743 | Lair:3   | 11743 ||| Stepping ~*~*~tactically~*~*~ (retreating).
 11744 | Lair:3   | 11744 ||| Stepping ~*~*~tactically~*~*~ (retreating).
 11745 | Lair:3   | 11745 ||| Stepping ~*~*~tactically~*~*~ (retreating).
 11746 | Lair:3   | 11746 ||| Stepping ~*~*~tactically~*~*~ (retreating).
 11747 | Lair:3   | 11747 ||| Stepping ~*~*~tactically~*~*~ (retreating).
 11748 | Lair:3   | 11748 ||| Stepping ~*~*~tactically~*~*~ (retreating).
 11749 | Lair:3   | 11749 ||| Stepping ~*~*~tactically~*~*~ (retreating).
 11750 | Lair:3   | 11750 ||| Stepping ~*~*~tactically~*~*~ (retreating).
 11794 | Lair:3   | 11794 ||| READING scroll of enchant weapon.
 11794 | Lair:3   | 11794 ||| ENCHANTING +1 triple crossbow of electrocution.
 11806 | Lair:3   | 11806 ||| RETREATING.
 11814 | Lair:3   | 11814 ||| Stepping ~*~*~tactically~*~*~ (retreating).
 11815 | Lair:3   | 11815 ||| Stepping ~*~*~tactically~*~*~ (retreating).
 11816 | Lair:3   | 11816 ||| Stepping ~*~*~tactically~*~*~ (retreating).
 11824 | Lair:3   | 11824 ||| Stepping ~*~*~tactically~*~*~ (retreating).
 11841 | Lair:3   | 11841 ||| INVOKING Heroism.
 11890 | Lair:3   | 11890 ||| READING scroll of acquirement.
 11890 | Lair:3   | 11890 ||| ACQUIRING -2 hat of the Alchemist {rElec rPois
                  | rF+ rC+ rN+ Will+ rMut rCorr}
 11890 | Lair:3   | Acquired the -2 hat of the Alchemist {rElec rPois rF+ rC+
                  | rN+ Will+ rMut rCorr}
 11890 | Lair:3   | Found the -2 hat of the Alchemist {rElec rPois rF+ rC+ rN+
                  | Will+ rMut rCorr}
 11892 | Lair:3   | 11892 ||| UPGRADING to -2 hat of the Alchemist {rElec rPois
                  | rF+ rC+ rN+ Will+ rMut rCorr}.
 11926 | Lair:3   | 11926 ||| INVOKING Heroism.
 12132 | Lair:3   | Noticed Nergalle
 12133 | Lair:3   | 12133 ||| INVOKING Heroism.
 12137 | Lair:3   | Killed Nergalle
 12391 | Lair:3   | 12391 ||| DROPPING ring of flight.
 12392 | Lair:3   | 12392 ||| DROPPING ring of fire.
 12393 | Lair:3   | 12393 ||| READING scroll labelled KEIGIF GAUSSEIMA.
 12524 | Lair:4   | Found a staircase to the Slime Pits.
 12524 | Lair:4   | Found a viscous altar of Jiyva.
 12613 | Lair:4   | 12613 ||| INVOKING Heroism.
 12618 | Lair:4   | Reached skill level 18 in Ranged Weapons
 12618 | Lair:4   | Gained mutation: Your large and strong wings let you fly.
                  | [Gargoyle growth]
 12618 | Lair:4   | Reached XP level 14. HP: 65/90 MP: 19/21
 12649 | Lair:4   | 12649 ||| RETREATING.
 12650 | Lair:4   | 12650 ||| Stepping ~*~*~tactically~*~*~ (retreating).
 12793 | Lair:4   | 12793 ||| RETREATING.
 12800 | Lair:4   | 12800 ||| INVOKING Heroism.
 13149 | Lair:4   | Reached skill level 12 in Fighting
 13356 | Lair:4   | 13356 ||| UPGRADING to ring of see invisible.
 13358 | Lair:4   | 13358 ||| READING 3 scrolls of identify.
 13358 | Lair:4   | 13358 ||| IDENTIFYING sapphire potion
 13375 | Lair:5   | Entered Level 5 of the Lair of Beasts
 13513 | Lair:5   | 13513 ||| INVOKING Heroism.
 13535 | Lair:5   | Received a gift from Okawaru
 13545 | Lair:5   | 13545 ||| DROPPING +0 hand cannon of electrocution.
 13616 | Lair:5   | 13616 ||| RETREATING.
 13620 | Lair:5   | 13620 ||| RETREATING.
 13633 | Lair:5   | 13633 ||| INVOKING Heroism.
 13949 | Lair:5   | 13949 ||| INVOKING Heroism.
 13950 | Lair:5   | 13950 ||| INVOKING Finesse.
 14009 | Lair:5   | 14009 ||| INVOKING Finesse.
 14056 | Lair:5   | 14056 ||| Stepping ~*~*~tactically~*~*~ (retreating).
 14057 | Lair:5   | 14057 ||| Stepping ~*~*~tactically~*~*~ (retreating).
 14058 | Lair:5   | 14058 ||| Stepping ~*~*~tactically~*~*~ (retreating).
 14059 | Lair:5   | 14059 ||| INVOKING Heroism.
 14060 | Lair:5   | 14060 ||| INVOKING Finesse.
 14127 | Lair:5   | Identified the +5 scale mail of the Trilobite {rElec Str+3
                  | Int-5 Dex+4}
 14167 | Lair:5   | 14167 ||| INVOKING Heroism.
 14168 | Lair:5   | 14168 ||| INVOKING Finesse.
 14176 | Lair:5   | 14176 ||| RETREATING.
 14339 | Lair:5   | 14339 ||| INVOKING Heroism.
 14367 | Lair:5   | 14367 ||| INVOKING Finesse.
 14375 | Lair:5   | Reached skill level 13 in Fighting
 14458 | Lair:5   | 14458 ||| PLANNING D
 14600 | D:12     | Noticed Jorgrun
 14601 | D:12     | 14601 ||| INVOKING Heroism.
 14609 | D:12     | Killed Jorgrun
 14806 | D:12     | 14806 ||| INVOKING Heroism.
 14967 | D:12     | Found a stormy altar of Qazlal.
 14999 | D:12     | Noticed Snorg
 15000 | D:12     | 15000 ||| INVOKING Heroism.
 15009 | D:12     | Killed Snorg
 15010 | D:12     | Reached XP level 15. HP: 86/98 MP: 20/22
 15067 | D:12     | 15067 ||| Stepping ~*~*~tactically~*~*~ (outnumbered).
 15069 | D:12     | 15069 ||| Stepping ~*~*~tactically~*~*~ (outnumbered).
 15111 | D:12     | Found a staircase to the Orcish Mines.
 15525 | D:12     | 15525 ||| UPGRADING to +1 troll leather armour {Snorg}.
 15535 | D:12     | 15535 ||| DROPPING +0 troll leather armour.
 15749 | D:13     | Found a portal to a secret trove of treasure.
 15826 | D:13     | 15826 ||| Stepping ~*~*~tactically~*~*~ (outnumbered).
 15827 | D:13     | 15827 ||| RETREATING.
 15861 | D:13     | 15861 ||| INVOKING Heroism.
 15874 | D:13     | 15874 ||| FLEEEEING.
 15875 | D:13     | 15875 ||| FLEEEEING.
 15876 | D:13     | 15876 ||| FLEEEEING.
 15877 | D:13     | 15877 ||| FLEEEEING.
 15878 | D:13     | 15878 ||| FLEEEEING.
 15880 | D:13     | 15880 ||| FLEEEEING.
 15881 | D:13     | 15881 ||| FLEEEEING.
 15882 | D:13     | 15882 ||| FLEEEEING.
 15883 | D:13     | 15883 ||| FLEEEEING.
 15884 | D:13     | 15884 ||| FLEEEEING.
 15885 | D:13     | 15885 ||| FLEEEEING.
 15886 | D:13     | 15886 ||| FLEEEEING.
 15887 | D:13     | 15887 ||| FLEEEEING.
 15888 | D:13     | 15888 ||| FLEEEEING.
 15889 | D:13     | 15889 ||| FLEEEEING.
 15890 | D:13     | 15890 ||| FLEEEEING.
 15891 | D:13     | 15891 ||| FLEEEEING.
 15892 | D:13     | 15892 ||| FLEEEEING.
 16128 | D:13     | Received a gift from Okawaru
 16344 | D:13     | 16344 ||| UPGRADING to +0 pair of gloves.
 16378 | D:14     | 16378 ||| STAIRDANCE
 16483 | D:14     | Found a gate to the Vaults.
 16712 | D:14     | Received a gift from Okawaru
 16805 | D:14     | Reached skill level 6 in Armour
 16904 | D:14     | Found the +9 sword of Zonguldrok {reap}
 16904 | D:14     | Noticed a bone dragon
 16912 | D:14     | 16912 ||| Stepping ~*~*~tactically~*~*~ (outnumbered).
 16915 | D:14     | 16915 ||| INVOKING Heroism.
 16926 | D:14     | HP: 22/98 [bone dragon (10)]
 16927 | D:14     | 16927 ||| READING 3 scrolls of teleportation.
 16928 | D:14     | 16928 ||| DRINKING 2 potions of heal wounds.
 17061 | D:14     | Killed a bone dragon
 17062 | D:14     | Reached skill level 9 in Dodging
 17158 | D:15     | Entered Level 15 of the Dungeon
 17233 | D:15     | 17233 ||| RETREATING.
 17247 | D:15     | 17247 ||| INVOKING Heroism.
 17282 | D:15     | 17282 ||| FLEEEEING.
 17283 | D:15     | 17283 ||| FLEEEEING.
 17284 | D:15     | 17284 ||| FLEEEEING.
 17345 | D:15     | Reached skill level 14 in Fighting
 17527 | D:15     | Identified the +1 cloak of the Flute {rN+} (Okawaru gifted
                  | it to you on level 15 of the Dungeon)
 17527 | D:15     | Received a gift from Okawaru
 17528 | D:15     | Noticed Josephine
 17531 | D:15     | Killed Josephine
 17574 | D:15     | Found a runed translucent door.
 17577 | D:15     | Noticed Gosau's ghost (journeyman DsGl)
 17611 | D:15     | 17611 ||| RETREATING.
 17614 | D:15     | 17614 ||| Stepping ~*~*~tactically~*~*~ (retreating).
 17615 | D:15     | 17615 ||| Stepping ~*~*~tactically~*~*~ (retreating).
 17616 | D:15     | 17616 ||| Stepping ~*~*~tactically~*~*~ (retreating).
 17618 | D:15     | 17618 ||| INVOKING Heroism.
 17628 | D:15     | Reached XP level 16. HP: 44/106 MP: 21/23
 17628 | D:15     | HP: 25/106 [rime drake/icy flash freeze (16)]
 17629 | D:15     | 17629 ||| READING 2 scrolls of teleportation.
 17630 | D:15     | 17630 ||| DRINKING potion of heal wounds.
 17963 | D:15     | Found a hide-covered altar of Uskayaw.
 18001 | D:15     | 18001 ||| INVOKING Heroism.
 18016 | D:15     | Found a staircase to the Depths.
 18052 | D:15     | 18052 ||| PLANNING ORC
 18052 | D:15     | 18052 ||| DROPPING +1 cloak of the Flute {rN+}.
 18053 | D:15     | 18053 ||| DROPPING ring of protection from fire.
 18054 | D:15     | 18054 ||| DROPPING ring of willpower.
 18055 | D:15     | 18055 ||| UPGRADING to +6 ring of dexterity.
 18057 | D:15     | 18057 ||| DROPPING ring of protection from cold.
 18058 | D:15     | 18058 ||| UPGRADING to ring "Miakax" {rF+ Dex+3}.
 18130 | Orc:1    | Entered Level 1 of the Orcish Mines
 18131 | Orc:1    | 18131 ||| Stepping ~*~*~tactically~*~*~ (outnumbered).
 18155 | Orc:1    | 18155 ||| Stepping ~*~*~tactically~*~*~ (outnumbered).
 18157 | Orc:1    | 18157 ||| Stepping ~*~*~tactically~*~*~ (outnumbered).
 18158 | Orc:1    | 18158 ||| Stepping ~*~*~tactically~*~*~ (outnumbered).
 18162 | Orc:1    | 18162 ||| INVOKING Heroism.
 18163 | Orc:1    | 18163 ||| INVOKING Finesse.
 18297 | Orc:1    | Found a radiant altar of Vehumet.
 18386 | Orc:2    | Entered Level 2 of the Orcish Mines
 18388 | Orc:2    | 18388 ||| STAIRDANCE
 18396 | Orc:2    | 18396 ||| STAIRDANCE
 18401 | Orc:2    | 18401 ||| STAIRDANCE
 18408 | Orc:2    | 18408 ||| STAIRDANCE
 18413 | Orc:2    | 18413 ||| INVOKING Heroism.
 18414 | Orc:2    | 18414 ||| STAIRDANCE
 18527 | Orc:2    | Found a staircase to the Elven Halls.
 18814 | Orc:2    | 18814 ||| Stepping ~*~*~tactically~*~*~ (outnumbered).
 18818 | Orc:2    | 18818 ||| INVOKING Heroism.
 18903 | Orc:2    | 18903 ||| RETREATING.
 18905 | Orc:2    | 18905 ||| INVOKING Heroism.
 18906 | Orc:2    | 18906 ||| Stepping ~*~*~tactically~*~*~ (retreating).
 18909 | Orc:2    | 18909 ||| Stepping ~*~*~tactically~*~*~ (retreating).
 18911 | Orc:2    | 18911 ||| Stepping ~*~*~tactically~*~*~ (retreating).
 18912 | Orc:2    | 18912 ||| Stepping ~*~*~tactically~*~*~ (retreating).
 18913 | Orc:2    | 18913 ||| Stepping ~*~*~tactically~*~*~ (retreating).
 18914 | Orc:2    | 18914 ||| Stepping ~*~*~tactically~*~*~ (retreating).
 18918 | Orc:2    | 18918 ||| Stepping ~*~*~tactically~*~*~ (retreating).
 18936 | Orc:2    | 18936 ||| INVOKING Heroism.
 18986 | Orc:2    | 18986 ||| INVOKING Heroism.
 18987 | Orc:2    | 18987 ||| Stepping ~*~*~tactically~*~*~ (outnumbered).
 19001 | Orc:2    | 19001 ||| RETREATING.
 19036 | Orc:2    | Found Kata's Antique Armour Shop.
 19036 | Orc:2    | Found Oxeun's Antique Armour Emporium.
 19038 | Orc:2    | Found Gom Jus's Weapon Shop.
 19038 | Orc:2    | Found Turao's General Store.
 19044 | Orc:2    | 19044 ||| BUYING faintly humming leather armour (217 gold).
 19044 | Orc:2    | Bought a faintly humming leather armour for 217 gold pieces
 19044 | Orc:2    | Identified the +3 leather armour of the Blacksmith {Str+4}
                  | (You bought it in a shop on level 2 of the Orcish Mines)
 19044 | Orc:2    | 19044 ||| BUYING shiny ring mail (217 gold).
 19044 | Orc:2    | Bought a shiny ring mail for 217 gold pieces
 19048 | Orc:2    | 19048 ||| BUYING potion of enlightenment (70 gold).
 19048 | Orc:2    | Bought a potion of enlightenment for 70 gold pieces
 19048 | Orc:2    | 19048 ||| BUYING potion of haste (140 gold).
 19048 | Orc:2    | Bought a potion of haste for 140 gold pieces
 19048 | Orc:2    | 19048 ||| BUYING scroll of teleportation (42 gold).
 19048 | Orc:2    | Bought a scroll of teleportation for 42 gold pieces
 19050 | Orc:2    | 19050 ||| BUYING runed troll leather armour (468 gold).
 19050 | Orc:2    | Bought a runed troll leather armour for 468 gold pieces
 19140 | Orc:2    | 19140 ||| PLANNING SWAMP:1-3
 19140 | Orc:2    | 19140 ||| DROPPING +3 leather armour of the Blacksmith
                  | {Str+4}.
 19141 | Orc:2    | 19141 ||| UPGRADING to +2 troll leather armour.
 19151 | Orc:2    | 19151 ||| DROPPING +1 troll leather armour {Snorg}.
 19267 | Swamp:1  | Entered Level 1 of the Swamp
 19316 | Swamp:1  | Reached skill level 21 in Ranged Weapons
 19372 | Swamp:1  | 19372 ||| INVOKING Heroism.
 19479 | Swamp:1  | 19479 ||| INVOKING Heroism.
 19723 | Swamp:1  | 19723 ||| INVOKING Heroism.
 19767 | Swamp:1  | 19767 ||| INVOKING Heroism.
 19851 | Swamp:2  | 19851 ||| INVOKING Heroism.
 19852 | Swamp:2  | 19852 ||| STAIRDANCE
 19876 | Swamp:2  | 19876 ||| RETREATING.
 19886 | Swamp:2  | Reached skill level 15 in Fighting
 19979 | Swamp:2  | 19979 ||| INVOKING Heroism.
 19987 | Swamp:2  | 19987 ||| Stepping ~*~*~tactically~*~*~ (retreating).
 19988 | Swamp:2  | 19988 ||| Stepping ~*~*~tactically~*~*~ (retreating).
 19989 | Swamp:2  | 19989 ||| Stepping ~*~*~tactically~*~*~ (retreating).
 19990 | Swamp:2  | 19990 ||| Stepping ~*~*~tactically~*~*~ (retreating).
 19991 | Swamp:2  | 19991 ||| Stepping ~*~*~tactically~*~*~ (retreating).
 19992 | Swamp:2  | 19992 ||| Stepping ~*~*~tactically~*~*~ (retreating).
 19993 | Swamp:2  | 19993 ||| Stepping ~*~*~tactically~*~*~ (retreating).
 19994 | Swamp:2  | 19994 ||| Stepping ~*~*~tactically~*~*~ (retreating).
 20013 | Swamp:2  | 20013 ||| INVOKING Heroism.
 20058 | Swamp:2  | 20058 ||| READING scroll of enchant armour.
 20058 | Swamp:2  | 20058 ||| ENCHANTING +0 pair of gloves.
 20396 | Swamp:3  | 20396 ||| INVOKING Heroism.
 20406 | Swamp:3  | 20406 ||| Stepping ~*~*~tactically~*~*~ (outnumbered).
 20447 | Swamp:3  | Identified the +0 robe of Okawaru's Indignation {Dex+3}
 20526 | Swamp:3  | Found a runed translucent door.
 20527 | Swamp:3  | Found a shimmering altar of Xom.
 20527 | Swamp:3  | Noticed Zatibaps's ghost (journeyman FeVM)
 20545 | Swamp:3  | 20545 ||| Stepping ~*~*~tactically~*~*~ (outnumbered).
 20547 | Swamp:3  | 20547 ||| Stepping ~*~*~tactically~*~*~ (outnumbered).
 20548 | Swamp:3  | 20548 ||| Stepping ~*~*~tactically~*~*~ (outnumbered).
 20550 | Swamp:3  | 20550 ||| INVOKING Heroism.
 20552 | Swamp:3  | 20552 ||| RETREATING.
 20694 | Swamp:3  | 20694 ||| FLEEEEING.
 20695 | Swamp:3  | 20695 ||| FLEEEEING.
 20696 | Swamp:3  | 20696 ||| FLEEEEING.
 20697 | Swamp:3  | 20697 ||| FLEEEEING.
 20698 | Swamp:3  | 20698 ||| FLEEEEING.
 20699 | Swamp:3  | 20699 ||| FLEEEEING.
 20700 | Swamp:3  | 20700 ||| FLEEEEING.
 20701 | Swamp:3  | 20701 ||| FLEEEEING.
 20702 | Swamp:3  | 20702 ||| FLEEEEING.
 20706 | Swamp:3  | 20706 ||| FLEEEEING.
 20707 | Swamp:3  | 20707 ||| FLEEEEING.
 20708 | Swamp:3  | 20708 ||| FLEEEEING.
 20709 | Swamp:3  | 20709 ||| FLEEEEING.
 20710 | Swamp:3  | 20710 ||| FLEEEEING.
 20711 | Swamp:3  | 20711 ||| FLEEEEING.
 20712 | Swamp:3  | 20712 ||| FLEEEEING.
 20713 | Swamp:3  | 20713 ||| FLEEEEING.
 20714 | Swamp:3  | 20714 ||| FLEEEEING.
 20715 | Swamp:3  | 20715 ||| FLEEEEING.
 20716 | Swamp:3  | 20716 ||| FLEEEEING.
 20878 | Swamp:3  | 20878 ||| PLANNING SNAKE:1-3
 20878 | Swamp:3  | 20878 ||| DROPPING +0 robe of Okawaru's Indignation
                  | {Dex+3}.
 20995 | Snake:1  | Entered Level 1 of the Snake Pit
 21083 | Snake:1  | 21083 ||| Stepping ~*~*~tactically~*~*~ (outnumbered).
 21085 | Snake:1  | Reached XP level 17. HP: 113/113 MP: 24/24
 21094 | Snake:1  | 21094 ||| INVOKING Heroism.
 21110 | Snake:1  | Identified the -2 cloak of Farfalle {Harm rN+ Int-5 SInv}
 21150 | Snake:1  | 21150 ||| RETREATING.
 21151 | Snake:1  | 21151 ||| Stepping ~*~*~tactically~*~*~ (retreating).
 21152 | Snake:1  | 21152 ||| Stepping ~*~*~tactically~*~*~ (retreating).
 21358 | Snake:1  | 21358 ||| Stepping ~*~*~tactically~*~*~ (outnumbered).
 21361 | Snake:1  | 21361 ||| RETREATING.
 21367 | Snake:1  | 21367 ||| Stepping ~*~*~tactically~*~*~ (retreating).
 21368 | Snake:1  | 21368 ||| Stepping ~*~*~tactically~*~*~ (retreating).
 21529 | Snake:1  | 21529 ||| DROPPING +0 robe of willpower.
 21542 | Snake:2  | 21542 ||| Stepping ~*~*~tactically~*~*~ (outnumbered).
 21544 | Snake:2  | 21544 ||| Stepping ~*~*~tactically~*~*~ (outnumbered).
 21546 | Snake:2  | 21546 ||| Stepping ~*~*~tactically~*~*~ (outnumbered).
 21582 | Snake:2  | Found a frozen archway.
 21635 | Snake:2  | 21635 ||| Stepping ~*~*~tactically~*~*~ (outnumbered).
 21638 | Snake:2  | 21638 ||| Stepping ~*~*~tactically~*~*~ (outnumbered).
 21643 | Snake:2  | 21643 ||| RETREATING.
 21654 | Snake:2  | 21654 ||| Stepping ~*~*~tactically~*~*~ (outnumbered).
 21657 | Snake:2  | 21657 ||| Stepping ~*~*~tactically~*~*~ (outnumbered).
 21658 | Snake:2  | 21658 ||| Stepping ~*~*~tactically~*~*~ (outnumbered).
 21670 | Snake:2  | Received a gift from Okawaru
 21816 | Snake:2  | 21816 ||| Stepping ~*~*~tactically~*~*~ (retreating).
 21817 | Snake:2  | 21817 ||| Stepping ~*~*~tactically~*~*~ (retreating).
 21818 | Snake:2  | 21818 ||| Stepping ~*~*~tactically~*~*~ (retreating).
 21819 | Snake:2  | 21819 ||| Stepping ~*~*~tactically~*~*~ (retreating).
 21820 | Snake:2  | 21820 ||| Stepping ~*~*~tactically~*~*~ (retreating).
 21821 | Snake:2  | 21821 ||| Stepping ~*~*~tactically~*~*~ (retreating).
 21826 | Snake:2  | 21826 ||| INVOKING Heroism.
 22017 | Snake:2  | 22017 ||| Stepping ~*~*~tactically~*~*~ (outnumbered).
 22217 | Snake:2  | Found an ancient bone altar of Kikubaaqudgha.
 22336 | Snake:2  | 22336 ||| READING scroll of enchant armour.
 22336 | Snake:2  | 22336 ||| ENCHANTING +1 pair of gloves.
 22685 | Snake:2  | 22685 ||| READING scroll labelled IFIVUACA IXZIE.
 22767 | Snake:3  | 22767 ||| RETREATING.
 22771 | Snake:3  | 22771 ||| Stepping ~*~*~tactically~*~*~ (outnumbered).
 22780 | Snake:3  | 22780 ||| INVOKING Heroism.
 22782 | Snake:3  | 22782 ||| Stepping ~*~*~tactically~*~*~ (retreating).
 22784 | Snake:3  | 22784 ||| Stepping ~*~*~tactically~*~*~ (retreating).
 22789 | Snake:3  | Reached skill level 16 in Fighting
 22960 | Snake:3  | 22960 ||| RETREATING.
 22975 | Snake:3  | 22975 ||| Stepping ~*~*~tactically~*~*~ (outnumbered).
 22976 | Snake:3  | 22976 ||| Stepping ~*~*~tactically~*~*~ (outnumbered).
 22981 | Snake:3  | 22981 ||| Stepping ~*~*~tactically~*~*~ (outnumbered).
 22986 | Snake:3  | Received a gift from Okawaru
 23018 | Snake:3  | Noticed Mara
 23019 | Snake:3  | 23019 ||| INVOKING Heroism.
 23177 | Snake:3  | 23177 ||| INVOKING Heroism.
 23178 | Snake:3  | 23178 ||| INVOKING Finesse.
 23183 | Snake:3  | Noticed qw's illusion
 23184 | Snake:3  | 23184 ||| RETREATING.
 23185 | Snake:3  | Killed Mara
 23300 | Snake:3  | Found Abeal's Superior Scales.
 23301 | Snake:3  | 23301 ||| Stepping ~*~*~tactically~*~*~ (outnumbered).
 23303 | Snake:3  | 23303 ||| Stepping ~*~*~tactically~*~*~ (outnumbered).
 23434 | Snake:3  | 23434 ||| Stepping ~*~*~tactically~*~*~ (outnumbered).
 23450 | Snake:3  | Reached skill level 12 in Dodging
 23492 | Snake:3  | 23492 ||| RETREATING.
 23494 | Snake:3  | 23494 ||| Stepping ~*~*~tactically~*~*~ (outnumbered).
 23885 | Snake:3  | 23885 ||| PLANNING SWAMP:4
 23885 | Snake:3  | 23885 ||| DROPPING ring of see invisible.
 24114 | Swamp:4  | Entered Level 4 of the Swamp
 24116 | Swamp:4  | 24116 ||| INVOKING Heroism.
 24120 | Swamp:4  | Paralysed by a fenstrider witch for 4 turns
 24291 | Swamp:4  | 24291 ||| Stepping ~*~*~tactically~*~*~ (outnumbered).
 24341 | Swamp:4  | 24341 ||| RETREATING.
 24378 | Swamp:4  | 24378 ||| RETREATING.
 24382 | Swamp:4  | 24382 ||| RETREATING.
 24386 | Swamp:4  | 24386 ||| RETREATING.
 24390 | Swamp:4  | 24390 ||| Stepping ~*~*~tactically~*~*~ (retreating).
 24393 | Swamp:4  | Reached skill level 17 in Fighting
 24408 | Swamp:4  | Reached XP level 18. HP: 117/123 MP: 25/25
 24508 | Swamp:4  | 24508 ||| Stepping ~*~*~tactically~*~*~ (outnumbered).
 24510 | Swamp:4  | 24510 ||| INVOKING Heroism.
 24511 | Swamp:4  | 24511 ||| Stepping ~*~*~tactically~*~*~ (retreating).
 24512 | Swamp:4  | 24512 ||| Stepping ~*~*~tactically~*~*~ (retreating).
 24513 | Swamp:4  | 24513 ||| Stepping ~*~*~tactically~*~*~ (retreating).
 24522 | Swamp:4  | 24522 ||| Stepping ~*~*~tactically~*~*~ (outnumbered).
 24524 | Swamp:4  | 24524 ||| RETREATING.
 24535 | Swamp:4  | 24535 ||| RETREATING.
 24550 | Swamp:4  | 24550 ||| RETREATING.
 24553 | Swamp:4  | 24553 ||| FLEEEEING.
 24554 | Swamp:4  | 24554 ||| FLEEEEING.
 24555 | Swamp:4  | 24555 ||| FLEEEEING.
 24556 | Swamp:4  | 24556 ||| FLEEEEING.
 24557 | Swamp:4  | 24557 ||| FLEEEEING.
 24558 | Swamp:4  | 24558 ||| FLEEEEING.
 24559 | Swamp:4  | 24559 ||| FLEEEEING.
 24560 | Swamp:4  | 24560 ||| FLEEEEING.
 24561 | Swamp:4  | 24561 ||| FLEEEEING.
 24562 | Swamp:4  | 24562 ||| FLEEEEING.
 24563 | Swamp:4  | 24563 ||| FLEEEEING.
 24564 | Swamp:4  | 24564 ||| FLEEEEING.
 24597 | Swamp:4  | Noticed the 27-headed Lernaean hydra
 24602 | Swamp:4  | Killed the 27-headed Lernaean hydra
 24602 | Swamp:4  | Reached ****** piety under Okawaru
 24605 | Swamp:4  | 24605 ||| Stepping ~*~*~tactically~*~*~ (retreating).
 24608 | Swamp:4  | 24608 ||| RETREATING.
 24611 | Swamp:4  | 24611 ||| FLEEEEING.
 24612 | Swamp:4  | 24612 ||| FLEEEEING.
 24613 | Swamp:4  | 24613 ||| FLEEEEING.
 24614 | Swamp:4  | 24614 ||| FLEEEEING.
 24615 | Swamp:4  | 24615 ||| FLEEEEING.
 24616 | Swamp:4  | 24616 ||| FLEEEEING.
 24617 | Swamp:4  | 24617 ||| FLEEEEING.
 24618 | Swamp:4  | 24618 ||| FLEEEEING.
 24619 | Swamp:4  | 24619 ||| FLEEEEING.
 24656 | Swamp:4  | 24656 ||| INVOKING Heroism.
 24675 | Swamp:4  | Received a gift from Okawaru
 24684 | Swamp:4  | 24684 ||| Stepping ~*~*~tactically~*~*~ (outnumbered).
 24686 | Swamp:4  | 24686 ||| Stepping ~*~*~tactically~*~*~ (outnumbered).
 24688 | Swamp:4  | 24688 ||| Stepping ~*~*~tactically~*~*~ (outnumbered).
 24692 | Swamp:4  | Reached skill level 18 in Fighting
 24774 | Swamp:4  | Got a decaying rune of Zot
 24869 | Swamp:4  | 24869 ||| PLANNING VAULTS:1-4
 24869 | Swamp:4  | 24869 ||| DROPPING +1 pair of gloves.
 25036 | Vaults:1 | Entered Level 1 of the Vaults
 25136 | Vaults:1 | Noticed Donald
 25137 | Vaults:1 | 25137 ||| INVOKING Heroism.
 25138 | Vaults:1 | 25138 ||| INVOKING Finesse.
 25144 | Vaults:1 | Killed Donald
 25309 | Vaults:1 | 25309 ||| RETREATING.
 25317 | Vaults:1 | 25317 ||| Stepping ~*~*~tactically~*~*~ (retreating).
 25319 | Vaults:1 | 25319 ||| Stepping ~*~*~tactically~*~*~ (retreating).
 25430 | Vaults:1 | 25430 ||| RETREATING.
 25434 | Vaults:1 | 25434 ||| Stepping ~*~*~tactically~*~*~ (retreating).
 25436 | Vaults:1 | 25436 ||| Stepping ~*~*~tactically~*~*~ (retreating).
 25437 | Vaults:1 | 25437 ||| Stepping ~*~*~tactically~*~*~ (retreating).
 25438 | Vaults:1 | 25438 ||| INVOKING Heroism.
 25439 | Vaults:1 | 25439 ||| INVOKING Finesse.
 25576 | Vaults:1 | 25576 ||| Stepping ~*~*~tactically~*~*~ (outnumbered).
 25577 | Vaults:1 | 25577 ||| Stepping ~*~*~tactically~*~*~ (outnumbered).
 25581 | Vaults:1 | 25581 ||| RETREATING.
 25583 | Vaults:1 | 25583 ||| Stepping ~*~*~tactically~*~*~ (outnumbered).
 25587 | Vaults:1 | 25587 ||| Stepping ~*~*~tactically~*~*~ (outnumbered).
 25589 | Vaults:1 | 25589 ||| INVOKING Heroism.
 25590 | Vaults:1 | 25590 ||| INVOKING Finesse.
 25607 | Vaults:1 | Reached skill level 9 in Armour
 25652 | Vaults:1 | Identified the +3 pair of boots of Action {rN+ Will- MP+9}
                  | (Okawaru gifted it to you on level 1 of the Vaults)
 25652 | Vaults:1 | Received a gift from Okawaru
 25771 | Vaults:1 | Identified the +5 rapier of Ignis's Generosity {freeze,
                  | Fragile rElec rCorr Int+2}
 25776 | Vaults:1 | 25776 ||| RETREATING.
 25790 | Vaults:1 | 25790 ||| RETREATING.
 26058 | Vaults:1 | 26058 ||| RETREATING.
 26068 | Vaults:1 | 26068 ||| RETREATING.
 26097 | Vaults:1 | Reached skill level 19 in Fighting
 26099 | Vaults:1 | 26099 ||| INVOKING Heroism.
 26397 | Vaults:2 | 26397 ||| STAIRDANCE
 26412 | Vaults:2 | 26412 ||| STAIRDANCE
 26428 | Vaults:2 | 26428 ||| STAIRDANCE
 26451 | Vaults:2 | 26451 ||| STAIRDANCE
 26520 | Vaults:2 | 26520 ||| Stepping ~*~*~tactically~*~*~ (outnumbered).
 26522 | Vaults:2 | 26522 ||| Stepping ~*~*~tactically~*~*~ (outnumbered).
 26526 | Vaults:2 | Reached XP level 19. HP: 132/132 MP: 26/26
 26531 | Vaults:2 | 26531 ||| INVOKING Heroism.
 26655 | Vaults:2 | 26655 ||| INVOKING Heroism.
 26656 | Vaults:2 | 26656 ||| INVOKING Finesse.
 26783 | Vaults:2 | 26783 ||| Stepping ~*~*~tactically~*~*~ (outnumbered).
 26785 | Vaults:2 | 26785 ||| Stepping ~*~*~tactically~*~*~ (outnumbered).
 26786 | Vaults:2 | 26786 ||| Stepping ~*~*~tactically~*~*~ (outnumbered).
 26788 | Vaults:2 | 26788 ||| Stepping ~*~*~tactically~*~*~ (outnumbered).
 26790 | Vaults:2 | 26790 ||| Stepping ~*~*~tactically~*~*~ (outnumbered).
 26792 | Vaults:2 | 26792 ||| Stepping ~*~*~tactically~*~*~ (outnumbered).
 26795 | Vaults:2 | 26795 ||| Stepping ~*~*~tactically~*~*~ (outnumbered).
 26797 | Vaults:2 | 26797 ||| Stepping ~*~*~tactically~*~*~ (outnumbered).
 26799 | Vaults:2 | 26799 ||| FLEEEEING.
 26803 | Vaults:2 | 26803 ||| INVOKING Heroism.
 26875 | Vaults:2 | Noticed Frederick
 26876 | Vaults:2 | 26876 ||| INVOKING Heroism.
 26877 | Vaults:2 | 26877 ||| INVOKING Finesse.
 26883 | Vaults:2 | Killed Frederick
 26997 | Vaults:2 | 26997 ||| Stepping ~*~*~tactically~*~*~ (outnumbered).
 27077 | Vaults:2 | 27077 ||| RETREATING.
 27278 | Vaults:2 | 27278 ||| Stepping ~*~*~tactically~*~*~ (outnumbered).
 27280 | Vaults:2 | 27280 ||| Stepping ~*~*~tactically~*~*~ (outnumbered).
 27519 | Vaults:2 | 27519 ||| Stepping ~*~*~tactically~*~*~ (outnumbered).
 27520 | Vaults:2 | 27520 ||| Stepping ~*~*~tactically~*~*~ (outnumbered).
 27522 | Vaults:2 | 27522 ||| Stepping ~*~*~tactically~*~*~ (outnumbered).
 27568 | Vaults:2 | Found Buokuhugg's Weapon Emporium.
 27754 | Vaults:2 | 27754 ||| DROPPING +2 hat.
 27755 | Vaults:2 | 27755 ||| DROPPING ring of ice.
 27832 | Vaults:3 | 27832 ||| FLEEEEING.
 27839 | Vaults:3 | 27839 ||| FLEEEEING.
 27840 | Vaults:3 | 27840 ||| FLEEEEING.
 27841 | Vaults:3 | 27841 ||| FLEEEEING.
 27842 | Vaults:3 | 27842 ||| FLEEEEING.
 27843 | Vaults:3 | 27843 ||| FLEEEEING.
 27844 | Vaults:3 | 27844 ||| FLEEEEING.
 27845 | Vaults:3 | 27845 ||| FLEEEEING.
 27846 | Vaults:3 | 27846 ||| STAIRDANCE
 27952 | Vaults:3 | 27952 ||| STAIRDANCE
 27969 | Vaults:3 | 27969 ||| STAIRDANCE
 27987 | Vaults:3 | 27987 ||| STAIRDANCE
 28001 | Vaults:3 | 28001 ||| STAIRDANCE
 28008 | Vaults:3 | 28008 ||| STAIRDANCE
 28024 | Vaults:3 | 28024 ||| STAIRDANCE
 28036 | Vaults:3 | 28036 ||| STAIRDANCE
 28121 | Vaults:3 | 28121 ||| RETREATING.
 28127 | Vaults:3 | 28127 ||| Stepping ~*~*~tactically~*~*~ (retreating).
 28128 | Vaults:3 | 28128 ||| Stepping ~*~*~tactically~*~*~ (retreating).
 28129 | Vaults:3 | 28129 ||| Stepping ~*~*~tactically~*~*~ (retreating).
 28131 | Vaults:3 | 28131 ||| Stepping ~*~*~tactically~*~*~ (retreating).
 28132 | Vaults:3 | 28132 ||| Stepping ~*~*~tactically~*~*~ (retreating).
 28133 | Vaults:3 | 28133 ||| Stepping ~*~*~tactically~*~*~ (retreating).
 28134 | Vaults:3 | 28134 ||| Stepping ~*~*~tactically~*~*~ (retreating).
 28135 | Vaults:3 | 28135 ||| Stepping ~*~*~tactically~*~*~ (retreating).
 28136 | Vaults:3 | 28136 ||| Stepping ~*~*~tactically~*~*~ (retreating).
 28154 | Vaults:3 | Reached skill level 20 in Fighting
 28218 | Vaults:3 | Identified the orb of Cuv Nyd {mayhem, Rampage rC+ Stlth+}
                  | (Okawaru gifted it to you on level 3 of the Vaults)
 28218 | Vaults:3 | Received a gift from Okawaru
 28271 | Vaults:3 | 28271 ||| INVOKING Heroism.
 28332 | Vaults:3 | 28332 ||| FLEEEEING.
 28333 | Vaults:3 | 28333 ||| FLEEEEING.
 28334 | Vaults:3 | 28334 ||| FLEEEEING.
 28337 | Vaults:3 | 28337 ||| FLEEEEING.
 28338 | Vaults:3 | 28338 ||| FLEEEEING.
 28339 | Vaults:3 | 28339 ||| FLEEEEING.
 28340 | Vaults:3 | 28340 ||| FLEEEEING.
 28341 | Vaults:3 | 28341 ||| FLEEEEING.
 28342 | Vaults:3 | 28342 ||| FLEEEEING.
 28343 | Vaults:3 | 28343 ||| FLEEEEING.
 28344 | Vaults:3 | 28344 ||| FLEEEEING.
 28345 | Vaults:3 | 28345 ||| FLEEEEING.
 28346 | Vaults:3 | 28346 ||| FLEEEEING.
 28347 | Vaults:3 | 28347 ||| FLEEEEING.
 28486 | Vaults:3 | 28486 ||| READING scroll of brand weapon.
 28486 | Vaults:3 | 28486 ||| BRANDING +2 triple crossbow of electrocution.
 28493 | Vaults:3 | 28493 ||| RETREATING.
 28656 | Vaults:3 | 28656 ||| FLEEEEING.
 28657 | Vaults:3 | 28657 ||| FLEEEEING.
 28658 | Vaults:3 | 28658 ||| FLEEEEING.
 28659 | Vaults:3 | 28659 ||| FLEEEEING.
 28660 | Vaults:3 | 28660 ||| FLEEEEING.
 28661 | Vaults:3 | 28661 ||| FLEEEEING.
 28662 | Vaults:3 | 28662 ||| FLEEEEING.
 28663 | Vaults:3 | 28663 ||| RETREATING.
 28664 | Vaults:3 | 28664 ||| Stepping ~*~*~tactically~*~*~ (retreating).
 28686 | Vaults:3 | Identified the +2 sling of Boadd {heavy, Int+7}
 28687 | Vaults:3 | 28687 ||| INVOKING Heroism.
 28688 | Vaults:3 | 28688 ||| INVOKING Finesse.
 28692 | Vaults:3 | 28692 ||| Stepping ~*~*~tactically~*~*~ (outnumbered).
 28693 | Vaults:3 | 28693 ||| Stepping ~*~*~tactically~*~*~ (outnumbered).
 28694 | Vaults:3 | 28694 ||| Stepping ~*~*~tactically~*~*~ (outnumbered).
 28695 | Vaults:3 | 28695 ||| Stepping ~*~*~tactically~*~*~ (outnumbered).
 28696 | Vaults:3 | 28696 ||| Stepping ~*~*~tactically~*~*~ (outnumbered).
 28697 | Vaults:3 | 28697 ||| Stepping ~*~*~tactically~*~*~ (outnumbered).
 28698 | Vaults:3 | 28698 ||| Stepping ~*~*~tactically~*~*~ (outnumbered).
 28699 | Vaults:3 | 28699 ||| Stepping ~*~*~tactically~*~*~ (outnumbered).
 28700 | Vaults:3 | 28700 ||| Stepping ~*~*~tactically~*~*~ (outnumbered).
 28701 | Vaults:3 | 28701 ||| RETREATING.
 28724 | Vaults:3 | 28724 ||| Stepping ~*~*~tactically~*~*~ (outnumbered).
 28731 | Vaults:3 | 28731 ||| INVOKING Heroism.
 28733 | Vaults:3 | 28733 ||| Stepping ~*~*~tactically~*~*~ (outnumbered).
 28756 | Vaults:3 | 28756 ||| INVOKING Heroism.
 28758 | Vaults:3 | 28758 ||| INVOKING Finesse.
 29019 | Vaults:3 | 29019 ||| FLEEEEING.
 29026 | Vaults:3 | 29026 ||| INVOKING Heroism.
 29078 | Vaults:3 | 29078 ||| RETREATING.
 29082 | Vaults:3 | Reached skill level 15 in Dodging
 29086 | Vaults:3 | 29086 ||| Stepping ~*~*~tactically~*~*~ (outnumbered).
 29087 | Vaults:3 | 29087 ||| Stepping ~*~*~tactically~*~*~ (outnumbered).
 29088 | Vaults:3 | 29088 ||| INVOKING Heroism.
 29303 | Vaults:3 | Found a staircase to the Crypt.
 29448 | Vaults:3 | You are sucked into a shaft and drop 1 floor!
 29454 | Vaults:4 | 29454 ||| Stepping ~*~*~tactically~*~*~ (retreating).
 29455 | Vaults:4 | 29455 ||| Stepping ~*~*~tactically~*~*~ (retreating).
 29456 | Vaults:4 | 29456 ||| Stepping ~*~*~tactically~*~*~ (retreating).
 29457 | Vaults:4 | 29457 ||| Stepping ~*~*~tactically~*~*~ (retreating).
 29458 | Vaults:4 | 29458 ||| Stepping ~*~*~tactically~*~*~ (retreating).
 29459 | Vaults:4 | 29459 ||| Stepping ~*~*~tactically~*~*~ (retreating).
 29460 | Vaults:4 | 29460 ||| Stepping ~*~*~tactically~*~*~ (retreating).
 29461 | Vaults:4 | 29461 ||| Stepping ~*~*~tactically~*~*~ (retreating).
 29462 | Vaults:4 | 29462 ||| INVOKING Heroism.
 29463 | Vaults:4 | 29463 ||| INVOKING Finesse.
 29468 | Vaults:4 | HP: 32/135 [sphinx (7)]
 29469 | Vaults:4 | 29469 ||| READING 11 scrolls of teleportation.
 29470 | Vaults:4 | 29470 ||| DRINKING 2 potions of heal wounds.
 29472 | Vaults:4 | 29472 ||| Stepping ~*~*~tactically~*~*~ (retreating).
 29552 | Vaults:4 | Received a gift from Okawaru
 29563 | Vaults:4 | Reached XP level 20. HP: 108/140 MP: 27/27
 29580 | Vaults:4 | 29580 ||| INVOKING Heroism.
 29655 | Vaults:4 | 29655 ||| RETREATING.
 29667 | Vaults:4 | 29667 ||| INVOKING Heroism.
 30066 | Vaults:4 | Received a gift from Okawaru
 30317 | Vaults:4 | 30317 ||| INVOKING Heroism.
 30341 | Vaults:4 | Reached skill level 21 in Fighting
 30351 | Vaults:4 | 30351 ||| RETREATING.
 30356 | Vaults:4 | 30356 ||| Stepping ~*~*~tactically~*~*~ (retreating).
 30358 | Vaults:4 | 30358 ||| Stepping ~*~*~tactically~*~*~ (retreating).
 30359 | Vaults:4 | 30359 ||| Stepping ~*~*~tactically~*~*~ (retreating).
 30360 | Vaults:4 | 30360 ||| Stepping ~*~*~tactically~*~*~ (retreating).
 30361 | Vaults:4 | 30361 ||| Stepping ~*~*~tactically~*~*~ (retreating).
 30366 | Vaults:4 | 30366 ||| INVOKING Heroism.
 30377 | Vaults:4 | 30377 ||| Stepping ~*~*~tactically~*~*~ (outnumbered).
 30378 | Vaults:4 | 30378 ||| RETREATING.
 30379 | Vaults:4 | 30379 ||| Stepping ~*~*~tactically~*~*~ (outnumbered).
 30382 | Vaults:4 | 30382 ||| Stepping ~*~*~tactically~*~*~ (retreating).
 30383 | Vaults:4 | 30383 ||| Stepping ~*~*~tactically~*~*~ (retreating).
 30384 | Vaults:4 | 30384 ||| Stepping ~*~*~tactically~*~*~ (outnumbered).
 30404 | Vaults:4 | 30404 ||| INVOKING Heroism.
 30469 | Vaults:4 | 30469 ||| Invisibility monster not found???
 30490 | Vaults:4 | Identified the +0 chain mail of Defence {rF- rCorr Str+5
                  | Stlth-}
 30634 | Vaults:4 | Found Booc's Magic Scroll Shop.
 30641 | Vaults:4 | 30641 ||| BUYING scroll of teleportation (48 gold).
 30641 | Vaults:4 | Bought a scroll of teleportation for 48 gold pieces
 30641 | Vaults:4 | 30641 ||| BUYING scroll of teleportation (48 gold).
 30641 | Vaults:4 | Bought a scroll of teleportation for 48 gold pieces
 30641 | Vaults:4 | 30641 ||| BUYING scroll of teleportation (48 gold).
 30641 | Vaults:4 | Bought a scroll of teleportation for 48 gold pieces
 30893 | Vaults:4 | 30893 ||| PLANNING SNAKE:4
 31165 | Snake:4  | Entered Level 4 of the Snake Pit
 31166 | Snake:4  | 31166 ||| RETREATING.
 31167 | Snake:4  | 31167 ||| Stepping ~*~*~tactically~*~*~ (retreating).
 31169 | Snake:4  | 31169 ||| Stepping ~*~*~tactically~*~*~ (retreating).
 31172 | Snake:4  | 31172 ||| Stepping ~*~*~tactically~*~*~ (outnumbered).
 31470 | Snake:4  | Noticed Vashnia
 31472 | Snake:4  | 31472 ||| RETREATING.
 31491 | Snake:4  | 31491 ||| Stepping ~*~*~tactically~*~*~ (outnumbered).
 31492 | Snake:4  | Killed Vashnia
 31500 | Snake:4  | 31500 ||| INVOKING Heroism.
 31670 | Snake:4  | 31670 ||| RETREATING.
 31846 | Snake:4  | 31846 ||| Stepping ~*~*~tactically~*~*~ (outnumbered).
 31848 | Snake:4  | 31848 ||| Stepping ~*~*~tactically~*~*~ (outnumbered).
 31881 | Snake:4  | 31881 ||| Stepping ~*~*~tactically~*~*~ (outnumbered).
 31886 | Snake:4  | 31886 ||| RETREATING.
 31891 | Snake:4  | 31891 ||| Stepping ~*~*~tactically~*~*~ (retreating).
 31951 | Snake:4  | 31951 ||| Stepping ~*~*~tactically~*~*~ (outnumbered).
 31954 | Snake:4  | 31954 ||| RETREATING.
 31955 | Snake:4  | 31955 ||| Stepping ~*~*~tactically~*~*~ (outnumbered).
 31956 | Snake:4  | 31956 ||| Stepping ~*~*~tactically~*~*~ (outnumbered).
 31958 | Snake:4  | 31958 ||| Stepping ~*~*~tactically~*~*~ (outnumbered).
 31959 | Snake:4  | 31959 ||| Stepping ~*~*~tactically~*~*~ (outnumbered).
 31960 | Snake:4  | 31960 ||| Stepping ~*~*~tactically~*~*~ (outnumbered).
 31961 | Snake:4  | 31961 ||| Stepping ~*~*~tactically~*~*~ (outnumbered).
 31963 | Snake:4  | 31963 ||| Stepping ~*~*~tactically~*~*~ (outnumbered).
 32017 | Snake:4  | 32017 ||| Stepping ~*~*~tactically~*~*~ (retreating).
 32018 | Snake:4  | 32018 ||| Stepping ~*~*~tactically~*~*~ (retreating).
 32019 | Snake:4  | 32019 ||| Stepping ~*~*~tactically~*~*~ (retreating).
 32020 | Snake:4  | 32020 ||| Stepping ~*~*~tactically~*~*~ (retreating).
 32021 | Snake:4  | 32021 ||| Stepping ~*~*~tactically~*~*~ (retreating).
 32022 | Snake:4  | 32022 ||| Stepping ~*~*~tactically~*~*~ (retreating).
 32023 | Snake:4  | 32023 ||| Stepping ~*~*~tactically~*~*~ (retreating).
 32024 | Snake:4  | 32024 ||| Stepping ~*~*~tactically~*~*~ (retreating).
 32028 | Snake:4  | 32028 ||| Stepping ~*~*~tactically~*~*~ (retreating).
 32029 | Snake:4  | 32029 ||| RETREATING.
 32042 | Snake:4  | 32042 ||| Stepping ~*~*~tactically~*~*~ (retreating).
 32078 | Snake:4  | 32078 ||| Stepping ~*~*~tactically~*~*~ (outnumbered).
 32080 | Snake:4  | 32080 ||| Stepping ~*~*~tactically~*~*~ (outnumbered).
 32154 | Snake:4  | Got a serpentine rune of Zot
 32314 | Snake:4  | 32314 ||| PLANNING DEPTHS
 32635 | Depths:1 | Entered Level 1 of the Depths
 32663 | Depths:1 | Found an ornate altar of the Wu Jian Council.
 32681 | Depths:1 | 32681 ||| INVOKING Heroism.
 32682 | Depths:1 | 32682 ||| INVOKING Finesse.
 32721 | Depths:1 | Found a one-way gate leading to the halls of Pandemonium.
 32731 | Depths:1 | Found Woel Ezi's Magic Scroll Shoppe.
 32734 | Depths:1 | 32734 ||| Stepping ~*~*~tactically~*~*~ (outnumbered).
 32736 | Depths:1 | 32736 ||| RETREATING.
 32751 | Depths:1 | 32751 ||| INVOKING Heroism.
 32755 | Depths:1 | 32755 ||| INVOKING Finesse.
 32856 | Depths:1 | 32856 ||| INVOKING Heroism.
 32857 | Depths:1 | 32857 ||| INVOKING Finesse.
 32858 | Depths:1 | Found a one-way gateway to a ziggurat.
 32864 | Depths:1 | Found a one-way gate to the infinite horrors of the Abyss.
 32884 | Depths:1 | Reached skill level 22 in Fighting
 32900 | Depths:1 | 32900 ||| INVOKING Heroism.
 32901 | Depths:1 | 32901 ||| RETREATING.
 32934 | Depths:1 | 32934 ||| RETREATING.
 32940 | Depths:1 | 32940 ||| Stepping ~*~*~tactically~*~*~ (retreating).
 32941 | Depths:1 | 32941 ||| Stepping ~*~*~tactically~*~*~ (retreating).
 32942 | Depths:1 | 32942 ||| Stepping ~*~*~tactically~*~*~ (retreating).
 32943 | Depths:1 | 32943 ||| Stepping ~*~*~tactically~*~*~ (retreating).
 32944 | Depths:1 | 32944 ||| Stepping ~*~*~tactically~*~*~ (retreating).
 32945 | Depths:1 | 32945 ||| INVOKING Heroism.
 32994 | Depths:1 | 32994 ||| BUYING scroll of enchant armour (120 gold).
 32994 | Depths:1 | Bought a scroll of enchant armour for 120 gold pieces
 33025 | Depths:1 | Found a gateway to Hell.
 33078 | Depths:1 | 33078 ||| RETREATING.
 33088 | Depths:1 | 33088 ||| INVOKING Finesse.
 33140 | Depths:1 | Found Athao's Antique Weapon Shoppe.
 33157 | Depths:1 | Found Caexzarch's Distillery.
 33168 | Depths:1 | 33168 ||| BUYING 2 potions of haste (440 gold).
 33168 | Depths:1 | Bought 2 potions of haste for 440 gold pieces
 33168 | Depths:1 | 33168 ||| BUYING potion of curing (66 gold).
 33168 | Depths:1 | Bought a potion of curing for 66 gold pieces
 33168 | Depths:1 | 33168 ||| BUYING potion of enlightenment (110 gold).
 33168 | Depths:1 | Bought a potion of enlightenment for 110 gold pieces
 33168 | Depths:1 | 33168 ||| BUYING potion of heal wounds (110 gold).
 33168 | Depths:1 | Bought a potion of heal wounds for 110 gold pieces
 33168 | Depths:1 | 33168 ||| BUYING potion of magic (176 gold).
 33168 | Depths:1 | Bought a potion of magic for 176 gold pieces
 33168 | Depths:1 | 33168 ||| BUYING potion of might (88 gold).
 33168 | Depths:1 | Bought a potion of might for 88 gold pieces
 33168 | Depths:1 | 33168 ||| BUYING potion of mutation (176 gold).
 33168 | Depths:1 | Bought a potion of mutation for 176 gold pieces
 33224 | Depths:1 | 33224 ||| Stepping ~*~*~tactically~*~*~ (retreating).
 33226 | Depths:1 | 33226 ||| Stepping ~*~*~tactically~*~*~ (retreating).
 33227 | Depths:1 | 33227 ||| Stepping ~*~*~tactically~*~*~ (retreating).
 33228 | Depths:1 | 33228 ||| Stepping ~*~*~tactically~*~*~ (retreating).
 33229 | Depths:1 | 33229 ||| Stepping ~*~*~tactically~*~*~ (retreating).
 33230 | Depths:1 | 33230 ||| Stepping ~*~*~tactically~*~*~ (retreating).
 33231 | Depths:1 | 33231 ||| Stepping ~*~*~tactically~*~*~ (retreating).
 33251 | Depths:1 | Reached XP level 21. HP: 142/151 MP: 28/28
 33417 | Depths:1 | 33417 ||| DROPPING +0 ring mail of fire resistance.
 33433 | Depths:2 | 33433 ||| RETREATING.
 33440 | Depths:2 | 33440 ||| INVOKING Finesse.
 33447 | Depths:2 | 33447 ||| INVOKING Heroism.
 33586 | Depths:2 | 33586 ||| Stepping ~*~*~tactically~*~*~ (outnumbered).
 33619 | Depths:2 | 33619 ||| RETREATING.
 33628 | Depths:2 | 33628 ||| Stepping ~*~*~tactically~*~*~ (retreating).
 33629 | Depths:2 | 33629 ||| RETREATING.
 33637 | Depths:2 | 33637 ||| RETREATING.
 33638 | Depths:2 | 33638 ||| Stepping ~*~*~tactically~*~*~ (retreating).
 33638 | Depths:2 | Noticed a juggernaut
 33639 | Depths:2 | 33639 ||| Stepping ~*~*~tactically~*~*~ (retreating).
 33640 | Depths:2 | 33640 ||| Stepping ~*~*~tactically~*~*~ (retreating).
 33641 | Depths:2 | 33641 ||| Stepping ~*~*~tactically~*~*~ (retreating).
 33642 | Depths:2 | 33642 ||| Stepping ~*~*~tactically~*~*~ (retreating).
 33643 | Depths:2 | 33643 ||| INVOKING Heroism.
 33645 | Depths:2 | 33645 ||| Stepping ~*~*~tactically~*~*~ (retreating).
 33646 | Depths:2 | 33646 ||| Stepping ~*~*~tactically~*~*~ (retreating).
 33647 | Depths:2 | 33647 ||| Stepping ~*~*~tactically~*~*~ (retreating).
 33648 | Depths:2 | 33648 ||| Stepping ~*~*~tactically~*~*~ (retreating).
 33649 | Depths:2 | 33649 ||| Stepping ~*~*~tactically~*~*~ (retreating).
 33650 | Depths:2 | 33650 ||| Stepping ~*~*~tactically~*~*~ (retreating).
 33651 | Depths:2 | 33651 ||| Stepping ~*~*~tactically~*~*~ (retreating).
 33652 | Depths:2 | 33652 ||| Stepping ~*~*~tactically~*~*~ (retreating).
 33653 | Depths:2 | 33653 ||| Stepping ~*~*~tactically~*~*~ (retreating).
 33654 | Depths:2 | 33654 ||| Stepping ~*~*~tactically~*~*~ (retreating).
 33655 | Depths:2 | 33655 ||| Stepping ~*~*~tactically~*~*~ (retreating).
 33666 | Depths:2 | HP: 37/151 [deep troll shaman (7)]
 33667 | Depths:2 | 33667 ||| READING 14 scrolls of teleportation.
 33668 | Depths:2 | 33668 ||| DRINKING 2 potions of heal wounds.
 33669 | Depths:2 | 33669 ||| Stepping ~*~*~tactically~*~*~ (retreating).
 33736 | Depths:2 | 33736 ||| FLEEEEING.
 33760 | Depths:2 | 33760 ||| Stepping ~*~*~tactically~*~*~ (retreating).
 33761 | Depths:2 | 33761 ||| Stepping ~*~*~tactically~*~*~ (retreating).
 33762 | Depths:2 | 33762 ||| Stepping ~*~*~tactically~*~*~ (retreating).
 33764 | Depths:2 | 33764 ||| Stepping ~*~*~tactically~*~*~ (retreating).
 33765 | Depths:2 | 33765 ||| Stepping ~*~*~tactically~*~*~ (retreating).
 33766 | Depths:2 | 33766 ||| Stepping ~*~*~tactically~*~*~ (retreating).
 33767 | Depths:2 | 33767 ||| Stepping ~*~*~tactically~*~*~ (retreating).
 33768 | Depths:2 | 33768 ||| Stepping ~*~*~tactically~*~*~ (retreating).
 33769 | Depths:2 | 33769 ||| Stepping ~*~*~tactically~*~*~ (retreating).
 33770 | Depths:2 | 33770 ||| Stepping ~*~*~tactically~*~*~ (retreating).
 33771 | Depths:2 | 33771 ||| Stepping ~*~*~tactically~*~*~ (retreating).
 33773 | Depths:2 | 33773 ||| Stepping ~*~*~tactically~*~*~ (retreating).
 33774 | Depths:2 | 33774 ||| Stepping ~*~*~tactically~*~*~ (retreating).
 33775 | Depths:2 | 33775 ||| Stepping ~*~*~tactically~*~*~ (retreating).
 33776 | Depths:2 | 33776 ||| Stepping ~*~*~tactically~*~*~ (retreating).
 33777 | Depths:2 | 33777 ||| Stepping ~*~*~tactically~*~*~ (retreating).
 33778 | Depths:2 | 33778 ||| Stepping ~*~*~tactically~*~*~ (retreating).
 33779 | Depths:2 | 33779 ||| INVOKING Heroism.
 33863 | Depths:2 | 33863 ||| INVOKING Heroism.
 33888 | Depths:2 | 33888 ||| Stepping ~*~*~tactically~*~*~ (retreating).
 33893 | Depths:2 | 33893 ||| Stepping ~*~*~tactically~*~*~ (retreating).
 33894 | Depths:2 | 33894 ||| RETREATING.
 33902 | Depths:2 | Killed a juggernaut
 33962 | Depths:2 | 33962 ||| INVOKING Heroism.
 34057 | Depths:2 | 34057 ||| INVOKING Heroism.
 34064 | Depths:2 | 34064 ||| RETREATING.
 34124 | Depths:2 | Noticed a juggernaut
 34124 | Depths:2 | Noticed Gucom's ghost (veteran GnFi)
 34136 | Depths:2 | Noticed xzight's ghost (legendary MiBe)
 34144 | Depths:2 | Identified the +0 leather armour "Ciurr" {rC+ rN+ Stlth+}
 34162 | Depths:2 | Found a transporter.
 34163 | Depths:2 | Found a transporter.
 34339 | Depths:2 | 34339 ||| RETREATING.
 34342 | Depths:2 | 34342 ||| Stepping ~*~*~tactically~*~*~ (retreating).
 34343 | Depths:2 | 34343 ||| Stepping ~*~*~tactically~*~*~ (retreating).
 34345 | Depths:2 | 34345 ||| Stepping ~*~*~tactically~*~*~ (retreating).
 34346 | Depths:2 | 34346 ||| Stepping ~*~*~tactically~*~*~ (retreating).
 34347 | Depths:2 | 34347 ||| Stepping ~*~*~tactically~*~*~ (retreating).
 34348 | Depths:2 | 34348 ||| Stepping ~*~*~tactically~*~*~ (retreating).
 34353 | Depths:2 | 34353 ||| INVOKING Heroism.
 34631 | Depths:2 | Found an iron altar of Okawaru.
 34712 | Depths:2 | 34712 ||| DROPPING +0 leather armour "Ciurr" {rC+ rN+
                  | Stlth+}.
 34713 | Depths:2 | 34713 ||| DROPPING +1 helmet.
 34714 | Depths:2 | 34714 ||| DROPPING ring of positive energy.
 34764 | Depths:3 | 34764 ||| INVOKING Heroism.
 34843 | Depths:3 | Noticed Jory
 34854 | Depths:3 | Killed Jory
 34860 | Depths:3 | 34860 ||| Stepping ~*~*~tactically~*~*~ (retreating).
 34862 | Depths:3 | 34862 ||| Stepping ~*~*~tactically~*~*~ (retreating).
 34873 | Depths:3 | 34873 ||| Stepping ~*~*~tactically~*~*~ (outnumbered).
 34884 | Depths:3 | Identified the ring of Uschiyw Urchay {AC+4 Str+5}
 34903 | Depths:3 | 34903 ||| READING scroll of enchant weapon.
 34903 | Depths:3 | 34903 ||| ENCHANTING +2 triple crossbow of flaming.
 34915 | Depths:3 | Paralysed by a floating eye for 3 turns
 34926 | Depths:3 | Found a glowing golden altar of the Shining One.
 34996 | Depths:3 | 34996 ||| INVOKING Heroism.
 35027 | Depths:3 | Identified the ring "Qocuqieh" {Drain Fly rF+ Will+ Dex+6}
 35029 | Depths:3 | 35029 ||| Stepping ~*~*~tactically~*~*~ (outnumbered).
 35031 | Depths:3 | Reached skill level 23 in Fighting
 35066 | Depths:3 | Found a broken altar of Ashenzari.
 35077 | Depths:3 | Identified the +4 glaive "Newt's Nightmare" {drain, Int+3}
 35092 | Depths:3 | 35092 ||| INVOKING Finesse.
 35097 | Depths:3 | 35097 ||| Stepping ~*~*~tactically~*~*~ (outnumbered).
 35100 | Depths:3 | 35100 ||| INVOKING Heroism.
 35146 | Depths:3 | Identified the staff of Earthquakes {rPois Str+3 Dex+2
                  | Stlth+ Conj}
 35152 | Depths:3 | Noticed a caustic shrike
 35154 | Depths:3 | 35154 ||| RETREATING.
 35156 | Depths:3 | 35156 ||| INVOKING Heroism.
 35161 | Depths:3 | 35161 ||| Stepping ~*~*~tactically~*~*~ (retreating).
 35162 | Depths:3 | 35162 ||| Stepping ~*~*~tactically~*~*~ (retreating).
 35163 | Depths:3 | 35163 ||| Stepping ~*~*~tactically~*~*~ (retreating).
 35164 | Depths:3 | 35164 ||| Stepping ~*~*~tactically~*~*~ (retreating).
 35165 | Depths:3 | Killed a caustic shrike
 35179 | Depths:3 | Received a gift from Okawaru
 35214 | Depths:3 | You are sucked into a shaft and drop 1 floor!
 35214 | Depths:4 | Entered Level 4 of the Depths
 35219 | Depths:4 | 35219 ||| Stepping ~*~*~tactically~*~*~ (outnumbered).
 35220 | Depths:4 | 35220 ||| Stepping ~*~*~tactically~*~*~ (outnumbered).
 35221 | Depths:4 | 35221 ||| RETREATING.
 35222 | Depths:4 | 35222 ||| INVOKING Finesse.
 35230 | Depths:4 | 35230 ||| INVOKING Heroism.
 35260 | Depths:4 | 35260 ||| DROPPING +4 ring of protection.
 35261 | Depths:4 | 35261 ||| UPGRADING to ring of Uschiyw Urchay {AC+4 Str+5}.
 35263 | Depths:4 | 35263 ||| UPGRADING to ring "Qocuqieh" {Drain Fly rF+ Will+
                  | Dex+6}.
 35265 | Depths:4 | 35265 ||| DROPPING ring of magical power.
 35266 | Depths:4 | 35266 ||| UPGRADING to +6 ring of dexterity.
 35268 | Depths:4 | 35268 ||| DROPPING ring of Uschiyw Urchay {AC+4 Str+5}.
 35287 | Depths:3 | 35287 ||| INVOKING Heroism.
 35376 | Depths:3 | Found a transporter.
 35404 | Depths:3 | 35404 ||| INVOKING Heroism.
 35425 | Depths:3 | Found a transporter.
 35426 | Depths:3 | 35426 ||| Stepping ~*~*~tactically~*~*~ (outnumbered).
 35428 | Depths:3 | 35428 ||| Stepping ~*~*~tactically~*~*~ (outnumbered).
 35431 | Depths:3 | 35431 ||| Stepping ~*~*~tactically~*~*~ (retreating).
 35455 | Depths:3 | 35455 ||| RETREATING.
 35456 | Depths:3 | 35456 ||| Stepping ~*~*~tactically~*~*~ (retreating).
 35457 | Depths:3 | 35457 ||| INVOKING Heroism.
 35459 | Depths:3 | 35459 ||| Stepping ~*~*~tactically~*~*~ (retreating).
 35460 | Depths:3 | 35460 ||| Stepping ~*~*~tactically~*~*~ (retreating).
 35496 | Depths:3 | 35496 ||| INVOKING Heroism.
 35499 | Depths:3 | Reached skill level 18 in Dodging
 35519 | Depths:3 | 35519 ||| Stepping ~*~*~tactically~*~*~ (outnumbered).
 35521 | Depths:3 | 35521 ||| Stepping ~*~*~tactically~*~*~ (outnumbered).
 35560 | Depths:3 | 35560 ||| Stepping ~*~*~tactically~*~*~ (retreating).
 35569 | Depths:3 | Reached XP level 22. HP: 146/160 MP: 29/29
 35586 | Depths:3 | 35586 ||| READING scroll of enchant weapon.
 35586 | Depths:3 | 35586 ||| ENCHANTING +3 triple crossbow of flaming.
 35599 | Depths:3 | 35599 ||| INVOKING Heroism.
 35605 | Depths:3 | Paralysed by a floating eye for 2 turns
 35619 | Depths:3 | Identified the +4 scale mail of Nema {Slay+5}
 35629 | Depths:3 | Noticed a caustic shrike
 35630 | Depths:3 | 35630 ||| INVOKING Heroism.
 35634 | Depths:3 | Killed a caustic shrike
 35666 | Depths:3 | 35666 ||| RETREATING.
 35675 | Depths:3 | 35675 ||| INVOKING Heroism.
 35681 | Depths:3 | 35681 ||| Stepping ~*~*~tactically~*~*~ (outnumbered).
 35683 | Depths:3 | 35683 ||| Stepping ~*~*~tactically~*~*~ (retreating).
 35685 | Depths:3 | 35685 ||| Stepping ~*~*~tactically~*~*~ (retreating).
 35686 | Depths:3 | 35686 ||| Stepping ~*~*~tactically~*~*~ (retreating).
 35687 | Depths:3 | 35687 ||| Stepping ~*~*~tactically~*~*~ (retreating).
 35688 | Depths:3 | 35688 ||| Stepping ~*~*~tactically~*~*~ (retreating).
 35689 | Depths:3 | 35689 ||| Stepping ~*~*~tactically~*~*~ (retreating).
 35690 | Depths:3 | 35690 ||| Stepping ~*~*~tactically~*~*~ (retreating).
 35691 | Depths:3 | 35691 ||| Stepping ~*~*~tactically~*~*~ (retreating).
 35692 | Depths:3 | 35692 ||| Stepping ~*~*~tactically~*~*~ (retreating).
 35697 | Depths:3 | 35697 ||| Stepping ~*~*~tactically~*~*~ (retreating).
 35698 | Depths:3 | 35698 ||| Stepping ~*~*~tactically~*~*~ (retreating).
 35699 | Depths:3 | 35699 ||| Stepping ~*~*~tactically~*~*~ (retreating).
 35707 | Depths:3 | 35707 ||| INVOKING Heroism.
 35786 | Depths:3 | Identified the ring "Dagoxzul" {rElec rF- MP+9 Int+3}
 35798 | Depths:3 | 35798 ||| INVOKING Heroism.
 35826 | Depths:3 | Noticed a golden dragon
 35829 | Depths:3 | Killed a golden dragon
 35923 | Depths:3 | 35923 ||| INVOKING Heroism.
 35938 | Depths:3 | 35938 ||| DROPPING +1 leather armour of willpower.
 35939 | Depths:3 | 35939 ||| DROPPING ring "Dagoxzul" {rElec rF- MP+9 Int+3}.
 35970 | Depths:4 | Found a corrupted altar of Lugonu.
 36121 | Depths:4 | 36121 ||| RETREATING.
 36207 | Depths:4 | 36207 ||| INVOKING Heroism.
 36227 | Depths:4 | 36227 ||| RETREATING.
 36229 | Depths:4 | 36229 ||| Stepping ~*~*~tactically~*~*~ (retreating).
 36230 | Depths:4 | 36230 ||| Stepping ~*~*~tactically~*~*~ (retreating).
 36231 | Depths:4 | 36231 ||| Stepping ~*~*~tactically~*~*~ (retreating).
 36232 | Depths:4 | 36232 ||| Stepping ~*~*~tactically~*~*~ (retreating).
 36259 | Depths:4 | 36259 ||| INVOKING Heroism.
 36300 | Depths:4 | 36300 ||| INVOKING Heroism.
 36373 | Depths:4 | 36373 ||| READING scroll of brand weapon.
 36373 | Depths:4 | 36373 ||| BRANDING +4 triple crossbow of flaming.
 36510 | Depths:4 | Found a gate to the Realm of Zot.
 36667 | Depths:4 | Found a white marble altar of Elyvilon.
 36710 | Depths:4 | 36710 ||| Stepping ~*~*~tactically~*~*~ (retreating).
 36711 | Depths:4 | 36711 ||| Stepping ~*~*~tactically~*~*~ (retreating).
 36714 | Depths:4 | 36714 ||| Stepping ~*~*~tactically~*~*~ (retreating).
 36882 | Depths:4 | 36882 ||| PLANNING VAULTS:5
 36882 | Depths:4 | 36882 ||| DROPPING +1 cloak.
 37111 | Vaults:5 | Entered Level 5 of the Vaults
 37112 | Vaults:5 | 37112 ||| RETREATING.
 37113 | Vaults:5 | 37113 ||| Stepping ~*~*~tactically~*~*~ (retreating).
 37114 | Vaults:5 | 37114 ||| Stepping ~*~*~tactically~*~*~ (retreating).
 37115 | Vaults:5 | 37115 ||| Stepping ~*~*~tactically~*~*~ (retreating).
 37116 | Vaults:5 | 37116 ||| Stepping ~*~*~tactically~*~*~ (retreating).
 37117 | Vaults:5 | 37117 ||| Stepping ~*~*~tactically~*~*~ (retreating).
 37126 | Vaults:5 | 37126 ||| INVOKING Heroism.
 37152 | Vaults:5 | Reached skill level 24 in Fighting
 37161 | Vaults:5 | 37161 ||| INVOKING Finesse.
 37183 | Vaults:5 | 37183 ||| INVOKING Heroism.
 37198 | Vaults:5 | Reached skill level 12 in Armour
 37203 | Vaults:5 | Gained mutation: Your flesh is heat resistant. (rF+) [a
                  | shining eye]
 37226 | Vaults:5 | HP: 33/162 [ettin/+0 dire flail (31)]
 37227 | Vaults:5 | 37227 ||| READING 15 scrolls of teleportation.
 37228 | Vaults:5 | 37228 ||| DRINKING 2 potions of heal wounds.
 37232 | Vaults:5 | 37232 ||| Stepping ~*~*~tactically~*~*~ (retreating).
 37233 | Vaults:5 | 37233 ||| INVOKING Heroism.
 37234 | Vaults:5 | 37234 ||| INVOKING Finesse.
 37249 | Vaults:5 | 37249 ||| Stepping ~*~*~tactically~*~*~ (retreating).
 37362 | Vaults:5 | 37362 ||| RETREATING.
 37397 | Vaults:5 | Identified the +0 cloak of Stoicism {Dex+5}
 37414 | Vaults:5 | Identified the +1 leather armour of Refuge {rF+ MP+9}
 37416 | Vaults:5 | Identified the +7 hand axe of Ziumm {drain, SInv}
 37421 | Vaults:5 | Identified the +6 shortbow of Maisiniove {elec, Str-5 Dex+3
                  | Stlth+}
 37434 | Vaults:5 | Noticed a golden dragon
 37435 | Vaults:5 | 37435 ||| RETREATING.
 37451 | Vaults:5 | 37451 ||| RETREATING.
 37452 | Vaults:5 | 37452 ||| INVOKING Heroism.
 37455 | Vaults:5 | Killed a golden dragon
 37458 | Vaults:5 | Reached XP level 23. HP: 168/168 MP: 28/30
 37459 | Vaults:5 | 37459 ||| Stepping ~*~*~tactically~*~*~ (retreating).
 37480 | Vaults:5 | 37480 ||| RETREATING.
 37490 | Vaults:5 | 37490 ||| INVOKING Heroism.
 37510 | Vaults:5 | 37510 ||| Stepping ~*~*~tactically~*~*~ (outnumbered).
 37511 | Vaults:5 | 37511 ||| Stepping ~*~*~tactically~*~*~ (outnumbered).
 37523 | Vaults:5 | 37523 ||| INVOKING Heroism.
 37531 | Vaults:5 | Reached skill level 25 in Fighting
 37543 | Vaults:5 | 37543 ||| INVOKING Finesse.
 37580 | Vaults:5 | Identified the +10 demon trident "Acsayj" {freeze, rF+ rN+}
 37590 | Vaults:5 | 37590 ||| INVOKING Heroism.
 37601 | Vaults:5 | Identified the +2 robe "Lacis" {rF+}
 37603 | Vaults:5 | 37603 ||| Stepping ~*~*~tactically~*~*~ (outnumbered).
 37606 | Vaults:5 | Noticed a dread lich
 37606 | Vaults:5 | Paralysed by a dread lich for 4 turns
 37616 | Vaults:5 | Killed a dread lich
 37640 | Vaults:5 | 37640 ||| INVOKING Heroism.
 37641 | Vaults:5 | 37641 ||| INVOKING Finesse.
 37643 | Vaults:5 | Received a gift from Okawaru
 37682 | Vaults:5 | Noticed a dread lich
 37683 | Vaults:5 | 37683 ||| INVOKING Finesse.
 37691 | Vaults:5 | 37691 ||| RETREATING.
 37697 | Vaults:5 | 37697 ||| INVOKING Heroism.
 37702 | Vaults:5 | Killed a dread lich
 37844 | Vaults:5 | 37844 ||| INVOKING Heroism.
 37878 | Vaults:5 | 37878 ||| Stepping ~*~*~tactically~*~*~ (outnumbered).
 37889 | Vaults:5 | 37889 ||| INVOKING Heroism.
 37991 | Vaults:5 | 37991 ||| INVOKING Heroism.
 38082 | Vaults:5 | 38082 ||| INVOKING Heroism.
 38107 | Vaults:5 | Identified the +2 glaive "Killer Klown's Regret" {flame,
                  | MP+9 Dex+4}
 38138 | Vaults:5 | Noticed a golden dragon
 38139 | Vaults:5 | 38139 ||| INVOKING Heroism.
 38141 | Vaults:5 | 38141 ||| RETREATING.
 38152 | Vaults:5 | Killed a golden dragon
 38290 | Vaults:5 | 38290 ||| READING scroll of enchant weapon.
 38290 | Vaults:5 | 38290 ||| ENCHANTING +4 triple crossbow of draining.
 38321 | Vaults:5 | Got a silver rune of Zot
 38492 | Vaults:5 | 38492 ||| INVOKING Heroism.
 38530 | Vaults:5 | 38530 ||| Stepping ~*~*~tactically~*~*~ (retreating).
 38531 | Vaults:5 | 38531 ||| INVOKING Heroism.
 38532 | Vaults:5 | 38532 ||| Stepping ~*~*~tactically~*~*~ (retreating).
 38534 | Vaults:5 | 38534 ||| RETREATING.
 38538 | Vaults:5 | 38538 ||| RETREATING.
 38751 | Vaults:5 | 38751 ||| PLANNING SHOPPING SPREE
 38751 | Vaults:5 | 38751 ||| DROPPING -2 cloak of Farfalle {Harm rN+ Int-5
                  | SInv}.
 38752 | Vaults:5 | 38752 ||| UPGRADING to +0 cloak of Stoicism {Dex+5}.
 38762 | Vaults:5 | 38762 ||| DROPPING +2 cloak of poison resistance.
 38763 | Vaults:5 | 38763 ||| DROPPING +1 leather armour of Refuge {rF+ MP+9}.
 38764 | Vaults:5 | 38764 ||| DROPPING +1 pair of boots.
 38765 | Vaults:5 | 38765 ||| UPGRADING to amulet of faith.
 38775 | Vaults:5 | 38775 ||| DROPPING +5 ring of evasion.
 38938 | D:11     | 38938 ||| INVOKING Heroism.
 39107 | D:5      | 39107 ||| BUYING potion of curing (42 gold).
 39107 | D:5      | Bought a potion of curing for 42 gold pieces
 39107 | D:5      | 39107 ||| BUYING potion of heal wounds (70 gold).
 39107 | D:5      | Bought a potion of heal wounds for 70 gold pieces
 39255 | D:3      | 39255 ||| BUYING +5 robe of Night {Dark Will+ SInv} (720
                  | gold).
 39255 | D:3      | Bought the +5 robe of Night {Dark Will+ SInv} for 720 gold
                  | pieces
 39255 | D:3      | Found the +5 robe of Night {Dark Will+ SInv}
 39255 | D:3      | 39255 ||| BUYING amulet of the Four Winds {rN+ Will+++
                  | Clar} (728 gold).
 39255 | D:3      | Bought the amulet of the Four Winds {rN+ Will+++ Clar} for
                  | 728 gold pieces
 39255 | D:3      | Found the amulet of the Four Winds {rN+ Will+++ Clar}
 39255 | D:3      | 39255 ||| BUYING potion of magic (96 gold).
 39255 | D:3      | Bought a potion of magic for 96 gold pieces
 39255 | D:3      | 39255 ||| UPGRADING to +5 robe of Night {Dark Will+ SInv}.
 39265 | D:3      | 39265 ||| PLANNING ZOT:1-4
 39700 | Zot:1    | Entered Level 1 of the Realm of Zot
 39706 | Zot:1    | 39706 ||| INVOKING Heroism.
 39770 | Zot:1    | 39770 ||| INVOKING Heroism.
 39819 | Zot:1    | You are sucked into a shaft and drop 1 floor!
 39821 | Zot:2    | 39821 ||| INVOKING Heroism.
 39862 | Zot:1    | Found a runed translucent door.
 39862 | Zot:1    | Found a shimmering altar of Xom.
 39862 | Zot:1    | Noticed qw's ghost (veteran GrHs)
 39875 | Zot:1    | 39875 ||| READING scroll of enchant weapon.
 39875 | Zot:1    | 39875 ||| ENCHANTING +5 triple crossbow of draining.
 39942 | Zot:1    | 39942 ||| INVOKING Heroism.
 40134 | Zot:1    | 40134 ||| INVOKING Heroism.
 40355 | Zot:2    | 40355 ||| INVOKING Heroism.
 40402 | Zot:2    | 40402 ||| Stepping ~*~*~tactically~*~*~ (retreating).
 40418 | Zot:2    | 40418 ||| INVOKING Heroism.
 40459 | Zot:2    | 40459 ||| INVOKING Heroism.
 40617 | Zot:2    | 40617 ||| Stepping ~*~*~tactically~*~*~ (retreating).
 40618 | Zot:2    | 40618 ||| Stepping ~*~*~tactically~*~*~ (retreating).
 40619 | Zot:2    | 40619 ||| Stepping ~*~*~tactically~*~*~ (retreating).
 40620 | Zot:2    | 40620 ||| Stepping ~*~*~tactically~*~*~ (retreating).
 40621 | Zot:2    | 40621 ||| Stepping ~*~*~tactically~*~*~ (retreating).
 40622 | Zot:2    | 40622 ||| Stepping ~*~*~tactically~*~*~ (retreating).
 40623 | Zot:2    | 40623 ||| Stepping ~*~*~tactically~*~*~ (retreating).
 40624 | Zot:2    | 40624 ||| Stepping ~*~*~tactically~*~*~ (retreating).
 40625 | Zot:2    | 40625 ||| Stepping ~*~*~tactically~*~*~ (retreating).
 40626 | Zot:2    | 40626 ||| Stepping ~*~*~tactically~*~*~ (retreating).
 40627 | Zot:2    | 40627 ||| Stepping ~*~*~tactically~*~*~ (retreating).
 40628 | Zot:2    | 40628 ||| Stepping ~*~*~tactically~*~*~ (retreating).
 40629 | Zot:2    | 40629 ||| Stepping ~*~*~tactically~*~*~ (retreating).
 40633 | Zot:2    | 40633 ||| INVOKING Heroism.
 40638 | Zot:2    | 40638 ||| Stepping ~*~*~tactically~*~*~ (retreating).
 40639 | Zot:2    | 40639 ||| Stepping ~*~*~tactically~*~*~ (retreating).
 40640 | Zot:2    | 40640 ||| Stepping ~*~*~tactically~*~*~ (retreating).
 40641 | Zot:2    | 40641 ||| Stepping ~*~*~tactically~*~*~ (retreating).
 40642 | Zot:2    | 40642 ||| Stepping ~*~*~tactically~*~*~ (retreating).
 40643 | Zot:2    | 40643 ||| Stepping ~*~*~tactically~*~*~ (retreating).
 40644 | Zot:2    | 40644 ||| Stepping ~*~*~tactically~*~*~ (retreating).
 40645 | Zot:2    | 40645 ||| Stepping ~*~*~tactically~*~*~ (retreating).
 40646 | Zot:2    | 40646 ||| Stepping ~*~*~tactically~*~*~ (retreating).
 40647 | Zot:2    | 40647 ||| Stepping ~*~*~tactically~*~*~ (retreating).
 40652 | Zot:2    | 40652 ||| Stepping ~*~*~tactically~*~*~ (retreating).
 40655 | Zot:2    | 40655 ||| Stepping ~*~*~tactically~*~*~ (retreating).
 40656 | Zot:2    | 40656 ||| Stepping ~*~*~tactically~*~*~ (retreating).
 40663 | Zot:2    | HP: 11/170 [yellow draconian annihilator/entropic shot[a
                  | purple draconian shifter] (40)]
 40663 | Zot:2    | Killed from afar by a yellow draconian annihilator

Levels and vault maps discovered:
D:1:      spicycebolla_arrival_risky_transporter, layout_basic
D:2:      layout_rooms, serial_shops, nicolae_square_shop,
          hellmonk_ecumenical_altar_blasted
D:3:      layout_basic, serial_shops, shop, saegor_snake_ambush, uniq_jessica,
          uniq_robin
D:4:      layout_basic, portal_sewer_entry_c, serial_shops, shop
D:5:      layout_basic, serial_shops, shop_fountains, shop, uniq_prince_ribbit1,
          uniq_crazy_yiuf_cottage, uniq_duvessa
D:6:      cheibrodos_quashed, layout_basic, mainiacjoe_overflow_large_starburst,
          minmay_misc_feat_chi, uniq_edmund
D:7:      corexii_shack_village, layout_basic, mainiacjoe_overflow_alcove_1,
          minmay_temple_entry_glassed_door, enter_bailey_5,
          minmay_joined_circles, uniq_menkaure, uniq_joseph
D:8:      layout_loops_ring
D:9:      kennysheep_big_flooded_room, layout_cave_pools,
          hangedman_decor_slide_cut, minmay_misc_feat_iff,
          nicolae_concentric_dashed_squares_mild
D:10:     layout_cave_pods, mainiacjoe_overflow_catwalk_spiral, serial_bayou,
          serial_bayou_lagoon_a, serial_bayou_pond_c, serial_bayou_pond_d,
          serial_bayou_pond_c
D:11:     giant_chief_lemuel, layout_irregular_city, hellmonk_lair_entry_icy,
          uniq_maurice
D:12:     layout_basic, orc_0_dummy, grunt_qazlal_clouds, uniq_jorgrun,
          uniq_snorg
D:13:     layout_roguey, enter_trove_1, nicolae_two_hexagons
D:14:     layout_rooms, david_vaults_5, roderic_st_hans_cross, serial_glass,
          glass_columns_c, glass_columns_a, glass_columns_a, glass_columns_c,
          glass_columns_a, glass_columns_c, minmay_guarded_unrand_zonguldrok
D:15:     grunt_enter_depths_snipers, layout_long_grid,
          hellmonk_ghost_happy_afterlife, nicolae_uskayaw_suspiria, special_room
          [special_room_mythical_zoo], bh_walls_and_bars, uniq_josephine
Temple:   bh_familiar_temple
Lair:1:   layout_gridlike, st_stairs_8
Lair:2:   layout_roguey, minmay_swamp_entry_swarm, nicolae_snake_entry_squirm,
          uniq_sonja
Lair:3:   minmay_lair_venomous_thicket, layout_chaotic_city,
          infiniplex_staircase_pool, uniq_nergalle
Lair:4:   layout_small_grid, slime_entry_1, infiniplex_staircase_pool_2
Lair:5:   evilmike_catoblepas_cave, layout_loops_ring
Swamp:1:  layout_basic_swamp, serial_swamp_ruin, evilmike_swamp_ruin_house_3,
          evilmike_swamp_ruin_house_5, evilmike_swamp_ruin_house_1, swamp_pool4
Swamp:2:  layout_basic_swamp, evilmike_swamp_ruin_rubble_2
Swamp:3:  layout_falls_marsh, ebering_ghost_xom, evilmike_swamp_ruin_house_2
Swamp:4:  swamp_old_school, layout_basic_swamp
Snake:1:  layout_rooms
Snake:2:  layout_chambers, portal_ice_cave_entry_pillars_1, basic_altar,
          nicolae_snake_salamander_fort
Snake:3:  layout_layer_cave, hellmonk_scale_shop, grunt_megastairs_4, uniq_mara
Snake:4:  johnstein_snake_rune_scales, layout_basic, uniq_vashnia
Orc:1:    layout_diamond_mine, basic_altar
Orc:2:    grunt_orc_tribal_feast, layout_caves
Vaults:1: v_misc_30, grunt_vaults_twisty, grunt_vaults_diagonal,
          nicolae_vaults_storage_closets_3, nicolae_vaults_spaceships,
          hangedman_vaults_maws, nicolae_vaults_closet_pinwheel_3,
          nicolae_vaults_tetromino_T_2, nicolae_vaults_cochlea, serial_ice_m,
          nicolae_vaults_variable_pillar_hall,
          nicolae_vaults_trapezoid_lopsided_1, nicolae_vaults_know_your_exits,
          ontoclasm_vaults_claustrophobia, layout_vaults_maze_bifur, uniq_donald
Vaults:2: hangedman_vaults_pinch, nicolae_vaults_trapezoid_lopsided_4,
          nicolae_vaults_network_square, nicolae_vaults_puzzle_piece,
          hangedman_vaults_impose, vaults_dpeg_emergency_exit,
          layout_vaults_chaotic_city, serial_shops, nicolae_shop_tiny_glass,
          uniq_frederick
Vaults:3: ontoclasm_vaults_bender, vaults_dpeg_encased_lava, v_alt_pattern_2,
          hangedman_vaults_stagger, nicolae_vaults_doubleplus_tesselated,
          hangedman_vaults_restitches, minmay_crypt_entry_simple_box,
          nicolae_vaults_little_squares_3, nicolae_vaults_stairing_the_circle,
          nicolae_vaults_windows_and_doors_thing, layout_vaults_omnibox
Vaults:4: serial_ice_b, nicolae_vaults_network_s, v_pattern_1,
          hangedman_vaults_trim, v_rooms_4, nicolae_vaults_more_shelving_1,
          vaults_mumra_hexcomb, nicolae_vaults_trapezoid_2,
          layout_vaults_quadrants, serial_shops, nicolae_shop_advertising_works
          [nicolae_subvault_shop_adworks]
Vaults:5
Depths:1: layout_cave_pools, enter_ziggurat_d, abyss_entry, pan_entry,
          serial_shops, shop_fountains, shop, shop, hangedman_geh_valley,
          minmay_holes, nzn_wu_jian_contemplation
Depths:2: kennysheep_room_grid, layout_gridville, pan_entry,
          okawaru_ov_weapons_minmay, nzn_ghost_randoct, hell_entry,
          serial_bayou_shore_a
Depths:3: hangedman_spin_cycle, serial_shops, abyss_entry, hell_entry,
          uniq_jory, uniq_josephina
Depths:4: grunt_zot_entry_gee_three, layout_cave_shapes,
          abyss_entry_flame_altar, lightli_too_deep, patterned_corridor,
          elyvilon_altar_3
Zot:1:    layout_misc_corridors, ebering_ghost_xom
Zot:2:    infiniplex_zot_generator, layout_gridlike

Skill      XL: |  1  2  3  4  5  6  7  8  9 10 11 12 13 14 15 16 17 18 19 20 21 22 23 |
---------------+----------------------------------------------------------------------+-----
Ranged Weapons | 5 6 7 8 10 11 13 15 16 18 19 20 22 | 22.0
Fighting       | 3 4 5 6 8 9 10 11 13 14 15 17 19 20 22 23 24 25 | 25.3
Armour         | 2 3 4 5 6 7 9 10 11 12 | 12.0
Dodging        | 2 3 4 5 6 8 9 10 12 13 15 16 18 19 20 | 20.8
Invocations    | 4 8 10 | 10.0
Stealth        | |  1.1

Action                     |  1- 3 |  4- 6 |  7- 9 | 10-12 | 13-15 | 16-18 | 19-21 | 22-24 || total
---------------------------+-------+-------+-------+-------+-------+-------+-------+-------++-------
   Fire: Shortbow          |    83 |   221 |    40 |       |       |       |       |       ||   344
         Arbalest          |       |       |   223 |   435 |       |       |       |       ||   658
         Triple crossbow   |       |       |       |     6 |   896 |  1076 |  1222 |   796 ||  3996
 Invoke: Heroism           |       |       |       |    22 |    27 |    28 |    38 |    35 ||   150
         Finesse           |       |       |       |       |     6 |     5 |    12 |     5 ||    28
    Use: Scroll            |     4 |     5 |     8 |    13 |     9 |     4 |     4 |     5 ||    52
         Potion            |     1 |     3 |     3 |     4 |     1 |     1 |     2 |     1 ||    16
 Armour: Leather armour    |    27 |     8 |       |       |       |       |       |       ||    35
         Ring mail         |       |   109 |    99 |    86 |       |       |       |       ||   294
         Troll leather arm |       |       |       |    96 |   480 |   311 |   535 |   188 ||  1610
         Robe              |       |       |       |       |       |       |       |    59 ||    59
  Dodge: Dodged            |    18 |    65 |    88 |   181 |   529 |   489 |  1062 |   819 ||  3251
  Block: Other             |       |       |       |       |   118 |   114 |   201 |    84 ||   517
         Reflection        |       |       |       |       |     3 |    14 |    23 |     6 ||    46

Table legend:
 A = Non-vault XP
 B = Vault XP
 C = Vault XP percentage of total XP
 D = Non-vault monster count
 E = Vault monster count
 F = Vault count percentage of total count
                 A         B        C        D         E       F
            +---------+---------+-------+---------+---------+-------
      Total |  433227 |  393637 |  47.6 |    1033 |     573 |  35.7
            +---------+---------+-------+---------+---------+-------
        D:1 |      27 |       0 |   0.0 |      17 |       0 |   0.0
        D:2 |      34 |       0 |   0.0 |      13 |       0 |   0.0
        D:3 |      87 |      92 |  51.4 |      15 |      11 |  42.3
        D:4 |     533 |       0 |   0.0 |      30 |       0 |   0.0
        D:5 |     530 |     480 |  47.5 |      12 |       3 |  20.0
        D:6 |     703 |     157 |  18.3 |      22 |       1 |   4.3
        D:7 |    1032 |    1998 |  65.9 |      18 |      30 |  62.5
        D:8 |    1143 |       0 |   0.0 |      24 |       0 |   0.0
        D:9 |    1408 |     557 |  28.3 |      19 |       2 |   9.5
       D:10 |    1101 |       0 |   0.0 |      15 |       0 |   0.0
       D:11 |    2215 |   11976 |  84.4 |      11 |      28 |  71.8
       D:12 |    5904 |    2917 |  33.1 |      29 |       2 |   6.5
       D:13 |    8927 |       0 |   0.0 |      14 |       0 |   0.0
       D:14 |    4981 |   11111 |  69.0 |      12 |      22 |  64.7
       D:15 |    8292 |   10849 |  56.7 |      17 |      27 |  61.4
     Lair:1 |   10083 |      93 |   0.9 |      33 |       1 |   2.9
     Lair:2 |    4076 |    2310 |  36.2 |      18 |      10 |  35.7
     Lair:3 |   11850 |    1986 |  14.4 |      38 |      15 |  28.3
     Lair:4 |    5329 |       0 |   0.0 |      22 |       0 |   0.0
     Lair:5 |    9909 |   11523 |  53.8 |      32 |      23 |  41.8
    Swamp:1 |    9302 |       0 |   0.0 |      20 |       0 |   0.0
    Swamp:2 |   10171 |       0 |   0.0 |      21 |       0 |   0.0
    Swamp:3 |   11797 |       0 |   0.0 |      25 |       0 |   0.0
    Swamp:4 |   14274 |   16960 |  54.3 |      23 |      23 |  50.0
    Snake:1 |   12873 |       0 |   0.0 |      32 |       0 |   0.0
    Snake:2 |   11642 |    5498 |  32.1 |      27 |       9 |  25.0
    Snake:3 |   21538 |    6135 |  22.2 |      45 |       4 |   8.2
    Snake:4 |   12931 |   28693 |  68.9 |      26 |      43 |  62.3
      Orc:1 |    3513 |       0 |   0.0 |      50 |       0 |   0.0
      Orc:2 |    1794 |    7080 |  79.8 |      22 |      29 |  56.9
   Vaults:1 |   27265 |   21108 |  43.6 |      44 |      36 |  45.0
   Vaults:2 |   26431 |    9302 |  26.0 |      44 |       8 |  15.4
   Vaults:3 |   14665 |   26527 |  64.4 |      26 |      32 |  55.2
   Vaults:4 |   15910 |   19652 |  55.3 |      24 |      26 |  52.0
   Vaults:5 |   35004 |   92119 |  72.5 |      55 |      80 |  59.3
   Depths:1 |   25394 |     767 |   2.9 |      30 |       1 |   3.2
   Depths:2 |   29817 |   14196 |  32.3 |      37 |      12 |  24.5
   Depths:3 |       0 |   68932 | 100.0 |       0 |      75 | 100.0
   Depths:4 |   30819 |   20619 |  40.1 |      34 |      20 |  37.0
      Zot:1 |   13723 |       0 |   0.0 |      12 |       0 |   0.0
      Zot:2 |   26200 |       0 |   0.0 |      25 |       0 |   0.0
            +---------+---------+-------+---------+---------+-------
